 Dungeon Crawl Stone Soup version 0.26-a0-651-gb41185065b (webtiles) character file.

Game seed: 11929767184110483284

802643 Irenicus the Petrodigitator (level 27, -14/260 HPs)
             Began as a Deep Dwarf Earth Elementalist on Sept 30, 2020.
             Was the Champion of Makhleb.
             Killed from afar by an orb of fire (29 damage)
             ... with a fireball
             ... on level 21 of a ziggurat on Oct 1, 2020.
             The game lasted 08:12:07 (29912 turns).

Irenicus the Petrodigitator (DDEE)                 Turns: 29912, Time: 08:12:07

Health: -14/260    AC: 16    Str: 18 (19) XL:     27
Magic:  26/67 (49) EV: 34    Int: 36 (38) God:    Makhleb [******]
Gold:   3597       SH:  8    Dex: 25      Spells: 10/70 levels left

rFire    + . .     SeeInvis +   j - staff of earth
rCold    + + +     Faith    .   Y - +0 buckler of the Camelopard {rPois rC+ Int+4 Dex-3 SInv}
rNeg     + + .     Spirit   .   h - +1 ring mail of Siff {*Contam Harm rCorr Stlth+}
rPois    +         Reflect  .   O - +2 helmet {Int+3}
rElec    +         Harm     +   K - scarf {repulsion}
rCorr    +         Rampage  .   G - +2 pair of gloves {Dex+3}
MR       +++++     Clarity  +   Z - +0 pair of boots "Weughaep" {rElec Str+6} Stlth +++.......Rnd*Tele +
                                R - amulet "Fime Lam" {RegenMP rC+ Dex+4}
HPRegen  0.00/turn              t - ring of Fynnurest {*Drain rPois rN+ MP+9 Int+5 SInv}
MPRegen  0.65/turn              S - ring of Lerry {MR+ MP+9 Dex+6}

@: resistant, non-regenerating, repel missiles, very slow
A: damage resistance, heal wounds, agile 1, clarity, deformed body,
deterioration 1, dopey 1, negative energy resistance 1, sense surroundings 3,
teleportitis 1, no regeneration
}: 6/15 runes: serpentine, barnacled, slimy, silver, golden, abyssal
a: Heal Wounds, Minor Destruction, Lesser Servant of Makhleb, Major Destruction,
Greater Servant of Makhleb, Renounce Religion


You were on level 21 of a ziggurat.
You worshipped Makhleb.
Makhleb was exalted by your worship.
You visited 12 branches of the dungeon, and saw 52 of its levels.
You visited the Abyss 2 times.
You visited 1 bazaar.
You visited 1 ziggurat, and saw 21 of its levels.
You also visited: Gauntlet, Ice Cave and Wizlab.

You collected 8386 gold pieces.
You spent 4789 gold pieces at shops.

Inventory:

Missiles
 b - 229 stones (quivered)
Armour
 h - the +1 ring mail of Siff (worn) {*Contam Harm rCorr Stlth+}
   (You found it on level 5 of the Dungeon)

   It causes magical contamination when unequipped.
   It provides partial protection from all sources of acid and corrosion.
   It increases damage dealt and taken.
   It makes you more stealthy.
 G - a +2 pair of gloves of dexterity (worn)
   (You found it on level 4 of the Shoals)
 K - a scarf of repulsion (worn)
   (You found it on level 9 of the Dungeon)
 O - a +2 helmet of intelligence (worn)
   (You found it on level 20 of a ziggurat)
 V - the +0 mask of the Dragon {MR+ Slay+3 SInv}
   (You found it on level 16 of a ziggurat)

   It affects your accuracy and damage with ranged weapons and melee attacks
   (+3).
   It affects your resistance to hostile enchantments.
   It lets you see invisible.
 Y - the +0 buckler of the Camelopard (worn) {rPois rC+ Int+4 Dex-3 SInv}
   (You bought it in a shop on level 3 of the Snake Pit)

   It affects your intelligence (+4).
   It affects your dexterity (-3).
   It protects you from cold.
   It protects you from poison.
   It lets you see invisible.
 Z - the +0 pair of boots "Weughaep" (worn) {rElec Str+6}
   (You found it in a Gauntlet)

   It affects your strength (+6).
   It insulates you from electricity.
Magical Staves
 j - an uncursed staff of earth (weapon)
   (You acquired it on level 5 of the Pits of Slime)
Jewellery
 a - the ring "Taheqoim" {+Fly rF+}
   (You found it on level 3 of the Tomb of the Ancients)

   [ring of flight]

   It protects you from fire.
   It lets you fly.
 o - the amulet of the Four Winds {rN+ MR+++ Clar}
   (You found it on level 17 of a ziggurat)

   [amulet of nothing]

   It protects you from negative energy.
   It affects your resistance to hostile enchantments.
   It protects you against confusion.
 p - the ring "Wazocuqo" {rN++ MR- Int+4 Dex-4 SInv}
   (You found it on level 5 of the Pits of Slime)

   [ring of dexterity]

   It affects your intelligence (+4).
   It affects your dexterity (-4).
   It greatly protects you from negative energy.
   It affects your resistance to hostile enchantments.
   It lets you see invisible.
 t - the ring of Fynnurest (left hand) {*Drain rPois rN+ MP+9 Int+5 SInv}
   (You found it on level 3 of the Tomb of the Ancients)

   [ring of see invisible]

   It affects your intelligence (+5).
   It protects you from poison.
   It protects you from negative energy.
   It affects your magic capacity (+9).
   It lets you see invisible.
   It causes draining when unequipped.
 I - the ring of Phasing {EV+8}
   (You found it on level 3 of the Tomb of the Ancients)

   [ring of evasion]

   It affects your evasion (+8).
 J - the ring of Osidgh {rPois rN+ Str+6 Stlth+}
   (You found it on level 6 of the Lair of Beasts)

   [ring of strength]

   It affects your strength (+6).
   It protects you from poison.
   It protects you from negative energy.
   It makes you more stealthy.
 M - the ring of Jigeust {rC+ MP+9 Str+5}
   (You found it on level 4 of a ziggurat)

   [ring of protection from cold]

   It affects your strength (+5).
   It protects you from cold.
   It affects your magic capacity (+9).
 P - an uncursed ring of resist corrosion
   (You found it in a Gauntlet)
 R - the amulet "Fime Lam" (around neck) {RegenMP rC+ Dex+4}
   (You found it on level 5 of the Pits of Slime)

   [amulet of magic regeneration]

   It increases your magic regeneration.
   It affects your dexterity (+4).
   It protects you from cold.
 S - the ring of Lerry (right hand) {MR+ MP+9 Dex+6}
   (You found it on level 13 of a ziggurat)

   [ring of magical power]

   It affects your dexterity (+6).
   It affects your resistance to hostile enchantments.
   It affects your magic capacity (+9).
 T - the ring of Cosetuv {MP+9 Str+3 Int+5}
   (You found it on level 16 of a ziggurat)

   [ring of magical power]

   It affects your strength (+3).
   It affects your intelligence (+5).
   It affects your magic capacity (+9).
Wands
 e - a wand of acid (48)
   (You found it on level 5 of the Dungeon)
 f - a wand of digging (24)
   (You found it on level 10 of the Dungeon)
 y - a wand of iceblast (13)
   (You found it on level 4 of the Dungeon)
Scrolls
 l - 22 scrolls of teleportation
 m - 3 scrolls of identify
 n - 6 scrolls of blinking {!r}
 u - 3 scrolls of magic mapping {!r}
 z - 13 scrolls of remove curse
 C - 10 scrolls of enchant armour
 E - a scroll of immolation {!r}
 Q - 7 scrolls of summoning
 U - 5 scrolls of holy word {!r}
Potions
 c - 5 potions of cancellation
 d - 18 potions of curing
 k - 7 potions of lignification {!q}
 r - 6 potions of invisibility
 s - 9 potions of brilliance
 v - 4 potions of ambrosia
 w - 15 potions of magic
 x - 29 potions of mutation {!q}
 B - 10 potions of haste
 F - 7 potions of resistance
 L - 3 potions of heal wounds
 N - 14 potions of might
Miscellaneous
 g - a phial of floods
   (You found it on level 5 of the Pits of Slime)
 i - a figurine of a ziggurat
 A - a lightning rod (4/4)
   (You found it on level 1 of the Shoals)
 D - a box of beasts (3/3)
   (You found it on level 5 of the Pits of Slime)
 H - a phantom mirror
   (You found it on level 3 of the Snake Pit)
 W - a condenser vane (2/2)
   (You found it on level 5 of the Pits of Slime)
 X - a tin of tremorstones (3/3)
   (You found it on level 6 of the Lair of Beasts)


   Skills:
 - Level 18.1 Fighting
 - Level 12.4 Staves
 - Level 16.0 Armour
 - Level 25.1 Dodging
 - Level 9.2 Stealth
 - Level 8.5 Shields
 + Level 22.2 Spellcasting
 - Level 7.0 Conjurations
 - Level 22.2 Necromancy
 - Level 5.3 Translocations
 - Level 0.8 Transmutations
 O Level 27 Earth Magic
 - Level 20.2 Evocations


You had 10 spell levels left.
You knew the following spells:

 Your Spells              Type           Power        Failure   Level
a - Sandblast             Erth           ######       0%          1
b - Blink                 Tloc           N/A          1%          2
c - Petrify               Tmut/Erth      ########     1%          4
d - Borgnjor's Vile Clut  Necr/Erth      ########..   0%          5
e - Iron Shot             Conj/Erth      ########..   1%          6
f - Gell's Gravitas       Tloc           ######....   1%          3
g - Apportation           Tloc           ######       1%          1
h - Shatter               Erth           #########.   1%          9
i - Statue Form           Tmut/Erth      ########.    1%          6
j - Dispel Undead         Necr           ########     0%          4
k - Passage of Golubria   Tloc           N/A          1%          4
r - Sublimation of Blood  Necr           ########..   0%          2
s - Swiftness             Air            #####...     1%          2
w - Passwall              Tmut/Erth      ########     0%          2
x - Stone Arrow           Conj/Erth      ######       0%          3
z - Lee's Rapid Deconstr  Erth           #########.   0%          5
A - Animate Skeleton      Necr           ######       0%          1

Your spell library contained the following spells:

 Spells                   Type           Power        Failure   Level
 Pain                     Necr           ####         0%          1
 Corpse Rot               Necr/Air       N/A          0%          2
 Vampiric Draining        Necr           ########..   0%          3
 Animate Dead             Necr           ########..   0%          4
 Agony                    Necr           ########     0%          5
 Excruciating Wounds      Necr           ########..   0%          5
 Death Channel            Necr           ########..   0%          6
 Beastly Appendage        Tmut           #####.       1%          1
 Corona                   Hex            #####..      1%          1
 Foxfire                  Conj/Fire      ####         1%          1
 Freeze                   Ice            ####         1%          1
 Magic Dart               Conj           ####         1%          1
 Shock                    Conj/Air       ####         1%          1
 Sting                    Tmut/Pois      ####         1%          1
 Summon Small Mammal      Summ           ####         1%          1
 Call Imp                 Summ           #####...     1%          2
 Ensorcelled Hibernation  Hex/Ice        #####.       1%          2
 Poisonous Vapours        Pois/Air       #####.       1%          2
 Searing Ray              Conj           ######       1%          2
 Slow                     Hex            #####...     1%          2
 Wereblood                Tmut           #####...     1%          2
 Conjure Flame            Conj/Fire      ######..     1%          3
 Dazzling Flash           Conj/Hex       ######       1%          3
 Lesser Beckoning         Tloc           ######....   1%          3
 Mephitic Cloud           Conj/Pois/Air  ######..     1%          3
 Portal Projectile        Hex/Tloc       ######       1%          3
 Static Discharge         Conj/Air       ######..     1%          3
 Teleport Other           Tloc           ######..     1%          3
 Iskenderun's Mystic Bla  Conj/Tloc      ######..     1%          4
 Leda's Liquefaction      Hex/Erth       ########..   1%          4
 Bolt of Magma            Conj/Fire/Erth ########..   1%          5
 Iskenderun's Battlesphe  Conj           ######..     1%          5
 Simulacrum               Ice/Necr       #######...   1%          6
 Ignite Poison            Fire/Tmut/Pois #####...     2%          3
 Spider Form              Tmut/Pois      #####.....   2%          3
 Fulminant Prism          Conj/Hex       ######....   2%          4
 Hailstorm                Conj/Ice       ######..     2%          4
 Sticky Flame             Conj/Fire      ######..     2%          4
 Call Canine Familiar     Summ           #####...     3%          3
 Confusing Touch          Hex            #####...     3%          3
 Frozen Ramparts          Ice            #####.       3%          3
 Inner Flame              Hex/Fire       #####...     3%          3
 Ozocubu's Armour         Ice            #####...     3%          3
 Summon Guardian Golem    Hex/Summ       #####...     3%          3
 Tukima's Dance           Hex            #####...     3%          3
 Irradiate                Conj/Tmut      ######....   5%          5
 Fireball                 Conj/Fire      ######....   6%          5
 Lightning Bolt           Conj/Air       ######....   6%          5
 Ice Form                 Ice/Tmut       #####...     9%          4
 Summon Forest            Summ/Tloc      ######....   9%          5
 Airstrike                Air            #####.....   10%         4
 Cause Fear               Hex            #####.....   10%         4
 Olgreb's Toxic Radiance  Pois           #####...     10%         4
 Summon Ice Beast         Ice/Summ       #####...     10%         4
 Summon Lightning Spire   Summ/Air       #####...     10%         4
 Dispersal                Tloc           ######....   16%         6
 Blade Hands              Tmut           #####.....   19%         5
 Alistair's Intoxication  Tmut/Pois      #####....    22%         5
 Yara's Violent Unravell  Hex/Tmut       #####.....   22%         5
 Metabolic Englaciation   Hex/Ice        #####.....   26%         5
 Silence                  Hex/Air        #####.....   26%         5
 Summon Demon             Summ           #####.....   26%         5
 Summon Mana Viper        Hex/Summ       #####...     26%         5
 Orb of Destruction       Conj           ######....   41%         7
 Freezing Cloud           Conj/Ice/Air   ######....   50%         6
 Hydra Form               Tmut           #####.....   71%         6
 Eringya's Noxious Bog    Tmut/Pois      #####.....   77%         6
 Invisibility             Hex            #####...     83%         6
 Ozocubu's Refrigeration  Ice            #####.....   83%         6
 Shadow Creatures         Summ           N/A          83%         6
 Spellforged Servitor     Conj/Summ      ######....   88%         7
 Malign Gateway           Summ/Tloc      ######....   95%         7
 Dragon Form              Tmut           #####.....   99%         7
 Monstrous Menagerie      Summ           #####.....   100%        7
 Summon Greater Demon     Summ           #####.....   100%        7
 Summon Hydra             Summ           #####.....   100%        7
 Discord                  Hex            #####.....   100%        8
 Ignition                 Fire           #####.....   100%        8
 Summon Horrible Things   Summ           #####.....   100%        8
 Dragon's Call            Summ           #####.....   100%        9
 Tornado                  Air            #####.....   100%        9


Dungeon Overview and Level Annotations

Branches:
Dungeon (15/15)            Temple (1/1) D:5            Lair (6/6) D:9
 Shoals (4/4) Lair:4        Snake (4/4) Lair:2        Slime (5/5) Lair:6
    Orc (2/2) D:11            Elf (3/3) Orc:2        Vaults (5/5) D:14
  Crypt (3/3) Vaults:2       Tomb (3/3) Crypt:3      Depths (1/5) D:15
  IceCv (visited)          WizLab (visited)         Gauntlet (visited)

Altars:
Ashenzari
Dithmenos
Kikubaaqudgha
Makhleb
Okawaru
Qazlal
Sif Muna
Trog
Vehumet
Wu Jian
Beogh
Jiyva

Shops:
D:11 =   D:15 ?   Orc:2 *((}   Elf:2 ?   Elf:3 (   Shoals:1 ((   Snake:3 [
Vaults:3 !(?   Vaults:4 =   Vaults:5 =   Depths:1 !

Portals:
Abyss: Depths:1

Annotations:
Lair:3 3 runed translucent doors, Kiuman's ghost, journeyman TeAE; btv's ghost, journeyman DrTm; imnewhereh's ghost, journeyman TrFi
Shoals:2 1 runed translucent door, Taskuci's ghost, adept DDFi
Slime:4 exclusion: azure jelly


Innate Abilities, Weirdness & Mutations

You are resistant to damage.
You can heal yourself by infusing magical energy.
You resist negative energy. (rN+)
You passively map a large area around you.
You do not regenerate.
You are agile. (Dex +2)
You possess an exceptional clarity of mind.
Armour fits poorly on your strangely shaped body.
Your body sometimes deteriorates upon taking damage.
You are dopey. (Int -2)
You are occasionally teleported next to monsters.


Message History

You feel yourself wasting away. The balrug gestures at you.
The sticky flame hits you. You resist.
The orb of fire glows deep purple.
Strange energies course through your body.
Your body twists and deforms.
You take 1 damage, and have 96/260 hp.
You now have 46/66 mp.
Casting: Iron Shot (mildly dangerous; 1% risk of failure)
Confirm with . or Enter, or press ? or * to list all spells.
Aiming: Iron Shot (mildly dangerous; 1% risk of failure)
Press: ? - help, Shift-Dir - straight line, f/p - orb of fire
Aim: an orb of fire (steam, almost destroyed)
You feel a surge of power!
The iron shot hits the orb of fire!!!
You destroy the orb of fire!
Makhleb accepts your kill.
Your Spellcasting skill increases to level 22!
The zombie hands constrict the balrug!
The balrug gestures at you.
The sticky flame hits you but does no damage.
The orb of fire glows yellow.
The bolt of fire hits you!!! You resist.
* * * LOW HITPOINT WARNING * * *
You take 42 damage, and have 54/260 hp.
You now have 41/67 mp.
Casting: Iron Shot (mildly dangerous; 1% risk of failure)
Confirm with . or Enter, or press ? or * to list all spells.
You feel a surge of power!
The dungeon rumbles!
The orb of fire is moderately damaged.
You kill the balrug!
Makhleb accepts your kill.
You kill the fire crab!
Makhleb accepts your kill.
You feel better.
The fire giant is severely wounded.
You regained 14 hp, and now have 68/260 hp.
You now have 33/67 mp.
Casting: Shatter (mildly dangerous; 1% risk of failure)
Confirm with . or Enter, or press ? or * to list all spells.
Press: ? - help, Shift-Dir - straight line, f - orb of fire
Aim: an orb of fire (steam, heavily damaged)
You feel a surge of power!
The iron shot hits the orb of fire!!!
The orb of fire is almost destroyed.
The orb of fire glows bright magenta.
The bolt of fire misses you.
The orb of fire glows deep purple.
The bolt of fire misses you.
You now have 27/67 mp.
Casting: Iron Shot (mildly dangerous; 1% risk of failure)
Confirm with . or Enter, or press ? or * to list all spells.
You feel a surge of power!
The dungeon rumbles!
The orb of fire is moderately damaged.
You destroy the orb of fire!
Makhleb accepts your kill.
You feel better.
The fire giant is almost dead.
The fire giant gestures at you while chanting.
The fireball explodes!
The fireball engulfs you!! You resist.
* * * LOW HITPOINT WARNING * * *
Your body deteriorates!
You feel weakened.
The fireball engulfs the orb of fire.
The orb of fire completely resists.
You regained 5 hp, and now have 73/260 hp.
You now have 19/67 mp.
Casting: Shatter (mildly dangerous; 1% risk of failure)
Confirm with . or Enter, or press ? or * to list all spells.
Press: ? - help, Shift-Dir - straight line, f - fire giant
Aim: a fire giant, wielding a +0 great sword of flaming (almost dead)
You feel a surge of power!
The iron shot hits the fire giant!!!
You kill the fire giant!
Makhleb accepts your kill.
The orb of fire glows red.
The bolt of fire is repelled.
You now have 13/67 mp.
Casting: Iron Shot (mildly dangerous; 1% risk of failure)
Confirm with . or Enter, or press ? or * to list all spells.
You draw magical energy from your own body!
You take 23 damage, and have 50/260 hp.
You regained 18 mp, and now have 31/67 mp.
Casting: Sublimation of Blood (safe; 0% risk of failure)
Confirm with . or Enter, or press ? or * to list all spells.
Aiming: Iron Shot (mildly dangerous; 1% risk of failure)
Press: ? - help, Shift-Dir - straight line, f - orb of fire
Aim: an orb of fire (moderately damaged)
You feel a surge of power!
The iron shot hits the orb of fire!!!
The orb of fire is severely damaged.
The orb of fire glows deep purple.
The fireball explodes!
The fireball engulfs you!! You resist.
* * * LOW HITPOINT WARNING * * *
Your body deteriorates!
You feel dopey.
The fireball engulfs the orb of fire.
The orb of fire completely resists.
You take 31 damage, and have 19/260 hp.
You now have 26/67 mp.
You feel much better.
The orb of fire glows red.
The fireball explodes!
The fireball engulfs you!! You resist.
* * * LOW HITPOINT WARNING * * *
Your body deteriorates!
You feel dopey.
The fireball engulfs the orb of fire.
The orb of fire completely resists.
The orb of fire emits a lurid red light.
The fireball explodes!
The fireball engulfs you!! You resist.
You die...

*▓...... , *
▓▓..§§§......†.°,,,
▓▓...§≈≈§.†..§≈§○ ,,
▓▓....§§§≈☼.)..≈§§
▓▓......≈§≈§....§§° ,,
* ▓▓........○.§≈.†§§§°
,, ,
▓▓...........§§☼....)°
,
▓.∩.........*§).)...☼
>
▓▓..........@§≈)).).§
,
▓▓..........^...§.)○h
,, , *
▓▓......≈§≈§.§.†≈≈≈
▓▓.....≈.≈.....≈.≈ *
▓▓....≈≈≈.....≈≈° , *
▓▓..........†..†, ,*
▓▓............. **
▓▓............ *
▓▓▓▓▓▓▓▓▓▓▓▓▓


You could see an orb of fire.

Vanquished Creatures
  the Royal Jelly (Slime:5)
  7 orbs of fire (Zig:21)
  4 ancient liches
  Mara (Depths:1)
  4 juggernauts
  30 greater mummies
  Sojobo (Crypt:3)
  Frederick (Crypt:3)
  A curse toe (Zig:8)
  Saint Roka (Elf:3)
  Jory (Crypt:3)
  5 golden dragons (Zig:17)
  A mutant beast (WizLab)
  Nikola (Snake:1)
  A bone dragon (Crypt:3)
  2 Tzitzimimeh (Zig:19)
  2 iron giants
  The ghost of Norharag the Warrior, an adept HuBe of Trog (Vaults:4)
  5 Brimstone Fiends
  3 Hell Sentinels
  10 tentacled monstrosities
  2 Ice Fiends (Zig:19)
  Asterion (Vaults:3)
  A quicksilver dragon (shapeshifter) (Zig:14)
  5 titans
  Rupert (Lair:4)
  6 deep elf blademasters
  5 deep elf master archers
  10 sphinxes
  6 liches
  Polyphemus (Shoals:2)
  An Executioner (Zig:19)
  A tentacled starspawn (Abyss:1)
  12 ancient champions
  29 acid blobs
  6 shadow dragons
  Kirke (D:12)
  An azure jelly (shapeshifter) (Zig:14)
  A shadow dragon (shapeshifter) (Zig:14)
  2 storm dragons (Zig:17)
  26 nagarajas
  6 pandemonium lords
  14 azure jellies
  5 tengu reavers
  6 fire giants
  A draconian knight (Zig:11)
  10 revenants
  18 vault wardens
  6 balrugs (Zig:21)
  8 orc warlords
  A cacodemon (Zig:19)
  Aizul (Snake:2)
  10 deep elf sorcerers
  7 emperor scorpions
  8 ghost moths
  7 iron dragons
  A caustic shrike zombie (Zig:12)
  2 warmongers (Zig:19)
  5 deep elf elementalists
  8 reapers
  7 ghouls
  2 corrupters (Zig:19)
  5 curse skulls
  18 very ugly things
  11 ironheart preservers
  3 starcursed masses (Abyss:1)
  A caustic shrike skeleton (Crypt:2)
  14 stone giants
  3 blood saints (Zig:19)
  5 war gargoyles
  2 entropy weavers
  9 deep elf demonologists
  11 deep elf annihilators
  12 bennus
  A minotaur (Gauntlet)
  Azrael (D:14)
  9 vampire knights
  4 black suns
  7 ettins
  A lorocyproca (Zig:19)
  3 blizzard demons (Zig:19)
  8 merfolk javelineers
  2 green deaths (Zig:19)
  10 deep elf death magi
  9 eidola
  7 great orbs of eyes
  9 jiangshi
  2 crystal guardians
  11 fire dragons
  26 mummy priests
  9 death oozes (Slime:5)
  Josephine (D:15)
  4 merfolk impalers
  4 rakshasas
  11 naga warriors
  10 yaktaur captains
  6 ice dragons
  Fannar (Lair:2)
  A quicksilver dragon skeleton (Crypt:3)
  13 deep elf high priests
  2 ghost crabs
  A spriggan air mage (Zig:11)
  32 vault guards
  6 centaur warriors
  9 hydras
  A hydra (shapeshifter) (D:15)
  2 merfolk avatars (Shoals:4)
  12 anacondas
  A death knight (Vaults:5)
  3 catoblepae
  43 two-headed ogres
  7 alligator snapping turtles
  2 alligators
  5 merfolk aquamancers
  A two-headed ogre (shapeshifter) (WizLab)
  29 dancing weapons
  A death yak (Shoals:2)
  8 vampire magi
  3 deep troll earth magi
  3 satyrs
  A tengu warrior (D:14)
  12 ogre magi
  11 naga sharpshooters
  39 death scarabs
  6 orc high priests
  3 titan zombies
  7 shock serpents
  4 thrashing horrors
  2 iron golems
  A storm dragon zombie (Zig:12)
  7 soul eaters
  12 fire crabs (Zig:21)
  Sonja (Lair:1)
  2 sun demons (Zig:19)
  19 deep elf knights
  A titan skeleton (Abyss:1)
  5 wretched stars
  A shadow wraith (Vaults:3)
  A death drake (Zig:17)
  3 spatial maelstroms
  3 iron trolls (Zig:13)
  A storm dragon skeleton (Tomb:1)
  A ghost moth zombie (Tomb:1)
  A golden dragon zombie (Crypt:3)
  A sea snake (shapeshifter) (WizLab)
  6 hell knights (Crypt:3)
  4 salamander mystics
  41 skeletal warriors
  10 deep trolls
  16 sea snakes
  2 unseen horrors
  8 flayed ghosts
  A shadow demon (Zig:19)
  4 orange crystal statues
  A glowing orange brain (Vaults:2)
  5 wizards
  16 ironbrand convokers
  2 naga ritualists
  12 phantasmal warriors
  11 deep elf archers
  16 orc knights
  6 swamp dragons
  4 harpies
  5 necromancers
  A golden dragon skeleton (Crypt:3)
  3 obsidian statues (Zig:2)
  A wolf spider zombie (Tomb:2)
  An orb spider (shapeshifter) (WizLab)
  10 mana vipers
  2 harpies (shapeshifter)
  2 iron dragon zombies
  A cyclops (shapeshifter) (WizLab)
  5 orc sorcerers
  5 oklob plants
  A sphinx skeleton (Zig:12)
  10 fauns
  11 cyclopes
  61 deep elf magi
  6 salamanders
  33 ugly things
  13 manticores
  A dire elephant zombie (Crypt:3)
  2 stone giant zombies (Crypt:3)
  A worldbinder (Abyss:2)
  6 wolf spiders
  2 shining eyes
  A shining eye (shapeshifter) (Zig:14)
  2 moths of wrath (shapeshifter) (Zig:14)
  3 moths of wrath
  An iron dragon skeleton (Zig:12)
  Maurice (Orc:2)
  An elephant (shapeshifter) (WizLab)
  9 smoke demons
  8 ice statues
  13 vault sentinels
  36 guardian serpents
  6 water nymphs
  An eye of devastation (shapeshifter) (WizLab)
  A stone giant skeleton (Crypt:3)
  A torpor snail (shapeshifter) (WizLab)
  5 centaur zombies
  An orange demon (Abyss:2)
  A spriggan zombie (Zig:12)
  3 apocalypse crabs
  11 merfolk sirens
  5 eyes of devastation
  10 cane toads
  2 black mambas (shapeshifter)
  A fire giant skeleton (Depths:1)
  A storm dragon simulacrum (Vaults:3)
  A water nymph (shapeshifter) (Zig:14)
  8 gargoyles
  45 black mambas
  2 torpor snails
  4 rime drakes
  30 naga magi
  An emperor scorpion zombie (Tomb:2)
  2 elf zombies
  6 kobold demonologists
  9 komodo dragons
  3 komodo dragons (shapeshifter)
  A dire elephant skeleton (Tomb:1)
  4 efreet
  24 yaktaurs
  4 hellions
  A hellwing (Zig:19)
  A tengu conjurer (D:14)
  3 freezing wraiths
  A tormentor (Zig:19)
  A yaktaur (shapeshifter) (WizLab)
  An elf (WizLab)
  4 ice devils
  2 demonic crawlers
  A jumping spider (Gauntlet)
  8 trolls
  6 ancient zymes
  56 guardian mummies
  A queen bee (Abyss:4)
  2 wind drakes (shapeshifter)
  2 meliai (shapeshifter)
  A queen bee (shapeshifter) (WizLab)
  14 polar bears
  7 red devils
  A harpy zombie (D:14)
  13 merfolk
  7 wind drakes
  5 meliai (Abyss:4)
  8 raiju
  A hornet (shapeshifter) (WizLab)
  A jumping spider (shapeshifter) (WizLab)
  3 hornets
  A polar bear (shapeshifter) (Zig:14)
  2 blink frogs (shapeshifter)
  7 blink frogs
  2 hydra skeletons
  155 slime creatures
  9 snapping turtles
  A tyrant leech (Abyss:1)
  3 bog bodies (Crypt:1)
  A death drake skeleton (Crypt:2)
  A raiju (shapeshifter) (WizLab)
  A human simulacrum (Vaults:3)
  A snapping turtle (shapeshifter) (Zig:14)
  A dream sheep (shapeshifter) (Vaults:3)
  2 deep troll zombies (Depths:1)
  9 dream sheep
  2 harpy skeletons
  An alligator zombie (Crypt:3)
  10 hippogriffs
  2 air elementals
  An ettin skeleton (Crypt:3)
  A redback (shapeshifter) (WizLab)
  45 flying skulls
  8 shadows
  A centaur simulacrum (D:14)
  A redback (Zig:20)
  5 vampires (Crypt:3)
  A fire dragon skeleton (Tomb:3)
  2 ice dragon skeletons
  A meliai zombie (D:15)
  16 ushabtiu
  19 yaks
  18 wraiths
  A tarantella (shapeshifter) (WizLab)
  7 wyverns
  A golden eye (shapeshifter) (WizLab)
  5 humans
  A steam dragon (shapeshifter) (WizLab)
  2 basilisks (shapeshifter) (WizLab)
  24 fire elementals
  5 basilisks
  11 water elementals
  5 chaos spawn
  3 steam dragons (Zig:17)
  12 large abominations
  A neqoxec (Abyss:2)
  15 wargs
  A spatial vortex (Abyss:2)
  A swamp worm (shapeshifter) (Zig:14)
  7 acid dragons
  58 nagas
  2 soldier ants
  16 water moccasins
  4 floating eyes (WizLab)
  26 hell hounds
  A cane toad zombie (Abyss:2)
  An orb spider zombie (Crypt:2)
  A two-headed ogre skeleton (Crypt:2)
  A floating eye (shapeshifter) (Vaults:5)
  4 porcupines
  A torturous demonspawn skeleton (Crypt:1)
  5 swamp drakes
  8 ice beasts
  65 orc warriors
  2 sky beasts
  2 hornet zombies
  2 phantoms
  14 black bears
  2 eyes of draining (shapeshifter) (WizLab)
  A snapping turtle zombie (Crypt:3)
  A deep troll simulacrum (Depths:1)
  An ettin simulacrum (Vaults:2)
  A tengu (shapeshifter) (WizLab)
  5 necrophages
  31 ogres
  A blink frog zombie (Crypt:1)
  8 eyes of draining
  13 centaurs
  An ogre (shapeshifter) (D:14)
  21 wolves
  2 snapping turtle skeletons (Tomb:1)
  5 crocodiles
  3 big kobolds (D:15)
  15 bullfrogs
  A water moccasin zombie (D:8)
  A wyvern zombie (D:11)
  A rime drake skeleton (Crypt:1)
  A gnoll sergeant (Orc:1)
  8 earth elementals
  8 scorpions
  A water moccasin skeleton (D:4)
  15 small abominations
  2 spriggan skeletons
  13 killer bees
  27 wights
  A yak zombie (Crypt:2)
  5 howler monkeys
  An electric eel (D:14)
  3 draconian simulacra (IceCv)
  2 quasits
  6 jellies
  7 hounds
  8 centaur skeletons
  52 orc priests
  4 bullfrog skeletons
  12 iguanas
  46 orc wizards
  14 worker ants
  2 spriggan simulacra (IceCv)
  2 hound zombies
  A hound skeleton (D:6)
  37 mummies
  8 gnolls
  A howler monkey skeleton (D:5)
  10 adders
  5 shadow imps
  2 white imps
  An ufetubus (Abyss:2)
  An ooze (D:2)
  5 adder skeletons
  2 worms (D:5)
  4 dart slugs
  4 leopard geckos
  123 orcs
  A bat skeleton (D:2)
  3 giant cockroaches
  A gnoll zombie (Crypt:2)
  8 goblins
  5 hobgoblins
  5 jackals
  16 kobolds
  5 quokkas
  A ball python (D:3)
  2 bats
  8 frilled lizards
  A gnoll skeleton (Crypt:2)
  A leopard gecko skeleton (D:6)
  2 quokka skeletons
  7 rats
  15 crawling corpses
  4 plants (Zig:14)
2969 creatures vanquished.

Vanquished Creatures (collateral kills)
  Dissolution (Slime:2)
  A slime creature (Slime:2)
  A bullfrog (Lair:4)
3 creatures vanquished.

Vanquished Creatures (others)
  A nagaraja (Zig:16)
  A shadow wraith (Vaults:3)
  A swamp dragon (Zig:16)
  A slime creature (D:12)
  A wraith (Crypt:3)
  2 humans (D:12)
  A naga (Snake:4)
  2 bushes (Lair:6)
  14 fungi
  73 plants
  2 starspawn tentacles (Abyss:1)
  4 tentacles (Shoals:1)
  39 withered plants
142 creatures vanquished.

Grand Total: 3114 creatures vanquished

Notes
Turn   | Place    | Note
-------+----------+-------------------------------------------
     0 | D:1      | Irenicus the Deep Dwarf Earth Elementalist began the quest
                  | for the Orb.
     0 | D:1      | Reached XP level 1. HP: 15/15 MP: 3/3
    38 | D:1      | Reached skill level 2 in Spellcasting
   221 | D:1      | Reached XP level 2. HP: 22/22 MP: 0/5
   469 | D:1      | Learned a level 2 spell: Passwall
   639 | D:2      | Reached skill level 5 in Earth Magic
   710 | D:2      | Reached XP level 3. HP: 26/28 MP: 2/6
   829 | D:2      | Reached skill level 6 in Earth Magic
   958 | D:2      | Reached XP level 4. HP: 30/36 MP: 5/7
  1022 | D:2      | Learned a level 3 spell: Stone Arrow
  1272 | D:3      | Reached skill level 7 in Earth Magic
  1364 | D:3      | Reached XP level 5. HP: 27/42 MP: 4/8
  1454 | D:4      | Reached skill level 8 in Earth Magic
  1525 | D:4      | Noticed an ogre
  1532 | D:4      | Killed an ogre
  1532 | D:4      | Reached XP level 6. HP: 31/49 MP: 9/9
  1620 | D:4      | Reached skill level 1 in Shields
  1620 | D:4      | Reached skill level 9 in Earth Magic
  1631 | D:4      | Reached skill level 2 in Shields
  1724 | D:5      | Entered Level 5 of the Dungeon
  1729 | D:5      | Reached skill level 3 in Shields
  1737 | D:5      | Reached XP level 7. HP: 24/55 MP: 10/10
  1858 | D:5      | Reached skill level 4 in Shields
  1920 | D:5      | HP: 13/55 [ice beast (1)]
  1920 | D:5      | HP: 1/55 [ice beast (12)]
  1922 | D:5      | Reached skill level 5 in Shields
  1922 | D:5      | Reached skill level 10 in Earth Magic
  1926 | D:5      | Found a staircase to the Ecumenical Temple.
  1944 | Temple   | Entered the Ecumenical Temple
  1951 | Temple   | Became a worshipper of Makhleb the Destroyer
  2109 | D:5      | Got an encrusted ring mail
  2120 | D:5      | Identified the cursed +1 ring mail of Siff {*Contam Harm
                  | rCorr Stlth+} (You found it on level 5 of the Dungeon)
  2183 | D:5      | Reached skill level 2 in Armour
  2183 | D:5      | Reached XP level 8. HP: 41/62 MP: 11/11
  2311 | D:6      | Reached skill level 3 in Armour
  2321 | D:6      | Reached skill level 4 in Armour
  2390 | D:6      | Reached skill level 5 in Armour
  2474 | D:6      | Reached skill level 6 in Armour
  2479 | D:6      | Reached * piety under Makhleb
  2520 | D:6      | Reached skill level 7 in Armour
  2535 | D:6      | Reached skill level 3 in Dodging
  2683 | D:7      | Gained mutation: You passively map the area around you.
                  | [Deep Dwarf growth]
  2683 | D:7      | Reached XP level 9. HP: 54/68 MP: 12/12
  2699 | D:7      | Learned a level 5 spell: Lee's Rapid Deconstruction
  2772 | D:8      | Reached skill level 4 in Dodging
  2848 | D:8      | Noticed a two-headed ogre
  2851 | D:8      | Killed a two-headed ogre
  2851 | D:8      | Reached skill level 6 in Dodging
  2904 | D:8      | Found a shadowy altar of Dithmenos.
  2960 | D:8      | Reached skill level 7 in Dodging
  3001 | D:8      | Found a shimmering blue altar of Sif Muna.
  3060 | D:8      | Reached skill level 3 in Spellcasting
  3143 | D:7      | Reached ** piety under Makhleb
  3254 | D:7      | Reached skill level 4 in Spellcasting
  3387 | D:7      | Reached skill level 5 in Spellcasting
  3539 | D:8      | Reached XP level 10. HP: 71/75 MP: 18/18
  3585 | D:8      | Reached skill level 6 in Spellcasting
  3636 | D:8      | Got a translucent great sword
  3644 | D:8      | Identified the cursed +1 great sword of Nophack {flame,
                  | +Blink Str+5} (You found it on level 8 of the Dungeon)
  3781 | D:9      | Reached *** piety under Makhleb
  3881 | D:9      | Reached skill level 7 in Spellcasting
  4083 | D:9      | Reached skill level 8 in Spellcasting
  4174 | D:9      | Reached skill level 9 in Spellcasting
  4258 | D:9      | Found a staircase to the Lair.
  4289 | D:10     | Entered Level 10 of the Dungeon
  4289 | D:10     | Found a stormy altar of Qazlal.
  4335 | D:10     | Reached **** piety under Makhleb
  4452 | D:10     | Noticed a two-headed ogre
  4458 | D:10     | Killed a two-headed ogre
  4458 | D:10     | Reached XP level 11. HP: 79/81 MP: 24/24
  4522 | D:10     | Irenicus: ?? harm
  4522 | D:10     | beem: harm[1/1]: A scarf and randart armour property.
                  | Increases damage done by the wearer by 30% and to the
                  | wearer by 20%. Applied after AC. It applies to damage from
                  | melee, ranged, spells, abilities, evocations, clouds,
                  | falling down stairs, etc.
  4561 | D:10     | You fall into a shaft and drop 3 floors!
  4567 | D:13     | Learned a level 4 spell: Petrify
  4569 | D:13     | Reached skill level 10 in Spellcasting
  4744 | D:13     | Reached skill level 11 in Spellcasting
  4844 | D:12     | Noticed a two-headed ogre
  4872 | D:11     | Learned a level 1 spell: Apportation
  4941 | D:11     | Noticed a two-headed ogre
  4944 | D:11     | Killed a two-headed ogre
  4944 | D:11     | Reached ***** piety under Makhleb
  4944 | D:11     | Reached skill level 2 in Translocations
  4991 | D:11     | Noticed a two-headed ogre
  4996 | D:11     | Killed a two-headed ogre
  4996 | D:11     | Reached skill level 3 in Translocations
  5022 | D:11     | Found a staircase to the Orcish Mines.
  5079 | D:11     | Irenicus: ?? swiftness
  5079 | D:11     | beem: swiftness[1/2]: Level 2 Charms/Air. Swiftness has two
                  | stages of equal duration: the first decreases move delay by
                  | 25%, the second increases it by 50%. The duration for each
                  | stage is min(30,12+floor(random2(power)/2))*10 aut.
  5140 | D:11     | Reached skill level 4 in Translocations
  5217 | D:11     | Found Zula's Jewellery Shop.
  5385 | D:10     | Found a bloodstained altar of Trog.
  5523 | D:12     | Killed a two-headed ogre
  5523 | D:12     | Reached skill level 11 in Earth Magic
  5523 | D:12     | Reached XP level 12. HP: 88/88 MP: 27/27
  5583 | D:12     | Reached skill level 12 in Spellcasting
  5594 | D:12     | Noticed Kirke
  5595 | D:12     | Noticed a two-headed ogre
  5598 | D:12     | Killed Kirke
  5598 | D:12     | Reached skill level 12 in Earth Magic
  5602 | D:12     | Killed a two-headed ogre
  5612 | D:12     | Reached skill level 13 in Earth Magic
  5779 | D:12     | Reached skill level 14 in Earth Magic
  5975 | D:13     | Noticed a catoblepas
  5980 | D:13     | Noticed a two-headed ogre
  5995 | D:13     | Killed a catoblepas
  5998 | D:13     | Killed a two-headed ogre
  6124 | D:13     | Irenicus: ?? stone arrow
  6124 | D:13     | beem: stone arrow[1/1]: A level 3 earth/conjuration spell.
                  | Found in the book of Geomancy, starting book for EEs. Does
                  | 3d11 dmg at max power. Does massive damage from ghosts for
                  | some reason. To-hit: 8+power/10.
  6124 | D:13     | Irenicus: ?? sand blast
  6124 | D:13     | beem: sandblast[1/1]: Wield stones to do more damage and
                  | increase range from 2 to 3 with this spell. Sandblast with
                  | stones maxes out at 2d20 damage, although damage reduction
                  | from enemy AC is applied thrice instead of once. Og and Tr
                  | can use large rocks, with damage maxing out at 3d20.
                  | To-hit: 13+power/10 with ammo, 8+power/5 otherwise. In
                  | 0.20+, only cast with stones.
  6162 | D:14     | Noticed Azrael
  6173 | D:14     | Reached skill level 15 in Earth Magic
  6176 | D:14     | Killed Azrael
  6181 | D:14     | Reached ****** piety under Makhleb
  6272 | D:14     | Noticed a two-headed ogre
  6273 | D:14     | Found a gate to the Vaults.
  6273 | D:14     | Noticed a two-headed ogre
  6276 | D:14     | Killed a two-headed ogre
  6276 | D:14     | Killed a two-headed ogre
  6276 | D:14     | Reached skill level 16 in Earth Magic
  6277 | D:14     | Noticed an ogre mage
  6278 | D:14     | Killed an ogre mage
  6278 | D:14     | Reached XP level 13. HP: 94/94 MP: 23/29
  6608 | D:14     | Reached skill level 17 in Earth Magic
  6676 | D:15     | Entered Level 15 of the Dungeon
  6841 | D:15     | Found Ickayn's Magic Scroll Boutique.
  6855 | D:15     | Noticed Josephine
  6862 | D:15     | Killed Josephine
  7039 | D:15     | Reached skill level 18 in Earth Magic
  7208 | D:15     | Found a staircase to the Depths.
  7243 | D:15     | Reached skill level 19 in Earth Magic
  7256 | D:15     | Noticed a fire dragon
  7268 | D:15     | Killed a fire dragon
  7385 | D:15     | HP: 20/94 [cyan ugly thing (19)]
  7393 | D:15     | Reached skill level 8 in Dodging
  7411 | D:15     | Found an iron altar of Okawaru.
  7520 | Orc:1    | Entered Level 1 of the Orcish Mines
  7796 | Orc:1    | Reached skill level 1 in Fighting
  7797 | Orc:1    | Reached skill level 9 in Dodging
  7798 | Orc:1    | Reached skill level 2 in Fighting
  7798 | Orc:1    | Gained mutation: You resist negative energy. (rN+) [Deep
                  | Dwarf growth]
  7798 | Orc:1    | Reached XP level 14. HP: 108/108 MP: 20/30
  7885 | Orc:1    | Noticed an orc warlord
  7892 | Orc:1    | Reached skill level 3 in Fighting
  7908 | Orc:1    | Irenicus: ?? orc warlord
  7908 | Orc:1    | beem: orc warlord[1/2]: A big tough orc that hits like a
                  | truck and unless you're absolutely sure you can take the
                  | beating, you should probably follow the best survival
                  | strategy: don't engage, run! If they have a crossbow, run
                  | sooner! Like orc knights, their warcries strengthen lesser
                  | orcs.
  7954 | Orc:1    | Killed an orc warlord
  8094 | Orc:1    | Reached skill level 1 in Evocations
  8128 | Orc:1    | Irenicus: ?? wand of acid
  8128 | Orc:1    | beem: corrosive bolt[1/1]: Monster spell that fires a bolt
                  | of acid. Does about 3/4 as much damage as elemental bolts
                  | (fire, cold) but causes {corrosion}.
  8216 | Orc:1    | Reached skill level 10 in Dodging
  8216 | Orc:1    | Reached skill level 2 in Evocations
  8248 | Orc:1    | Found a roughly hewn altar of Beogh.
  8278 | Orc:1    | Reached skill level 4 in Fighting
  8341 | Orc:2    | Entered Level 2 of the Orcish Mines
  8363 | Orc:2    | Reached skill level 3 in Evocations
  8407 | Orc:2    | Found a staircase to the Elven Halls.
  8489 | Orc:2    | Noticed an orc warlord
  8535 | Orc:2    | Killed an orc warlord
  8662 | Orc:2    | Noticed Maurice
  8766 | Orc:2    | Reached skill level 3 in Stealth
  8781 | Orc:2    | Killed Maurice
  8852 | Orc:2    | Reached skill level 4 in Stealth
  8924 | Orc:2    | Found Ziuroq's Antique Weapon Emporium.
  8924 | Orc:2    | Found Veraedif's General Store.
  8931 | Orc:2    | Found Ysurch's Antique Weapon Shoppe.
  8936 | Orc:2    | Found Qoug Fua's Gadget Emporium.
  8951 | Orc:2    | Bought 24 stones for 36 gold pieces
  8951 | Orc:2    | Bought 18 stones for 27 gold pieces
  8951 | Orc:2    | Bought the +3 robe of Clouds {+Thunder rCloud rElec} for
                  | 445 gold pieces
  8951 | Orc:2    | Found the +3 robe of Clouds {+Thunder rCloud rElec}
  8951 | Orc:2    | Bought 21 stones for 31 gold pieces
  9067 | Lair:1   | Entered Level 1 of the Lair of Beasts
  9076 | Lair:1   | Reached skill level 5 in Stealth
  9113 | Lair:1   | Found a frozen archway.
  9114 | IceCv    | Entered an ice cave
  9310 | Lair:1   | Reached skill level 6 in Stealth
  9322 | Lair:1   | Noticed Sonja
  9340 | Lair:1   | Killed Sonja
  9373 | Lair:1   | Found a gate leading to a gauntlet.
  9383 | Gauntlet | Entered a Gauntlet
  9383 | Gauntlet | Found a transporter.
  9383 | Gauntlet | Found a transporter.
  9383 | Gauntlet | Found a transporter.
  9383 | Gauntlet | Found a transporter.
  9383 | Gauntlet | Noticed an entropy weaver
  9389 | Gauntlet | Found a transporter.
  9399 | Gauntlet | Found a transporter.
  9404 | Gauntlet | Found a transporter.
  9437 | Gauntlet | Found a transporter.
  9445 | Gauntlet | Found a transporter.
  9462 | Gauntlet | Found a transporter.
  9470 | Gauntlet | Found a transporter.
  9491 | Gauntlet | Found a transporter.
  9576 | Gauntlet | Killed an entropy weaver
  9588 | Gauntlet | Got a pair of steaming boots
  9601 | Gauntlet | Identified the cursed +0 pair of boots "Weughaep" {rElec
                  | Str+6} (You found it in a Gauntlet)
  9614 | Gauntlet | Reached skill level 7 in Stealth
  9636 | Gauntlet | Identified 2 scrolls of acquirement
  9795 | Lair:1   | Learned a level 5 spell: Borgnjor's Vile Clutch
 10040 | Lair:2   | Noticed Fannar
 10058 | Lair:2   | Killed Fannar
 10103 | Lair:2   | Reached skill level 13 in Spellcasting
 10116 | Lair:2   | Found a staircase to the Snake Pit.
 10317 | Lair:3   | Reached skill level 8 in Stealth
 10328 | Lair:3   | Irenicus: ?? beckoning
 10328 | Lair:3   | beem: I don't have a page labeled beckoning in my learndb.
 10328 | Lair:3   | Irenicus: ?? lesser beckoning
 10328 | Lair:3   | beem: lesser beckoning[1/1]: L3 Translocation spell that
                  | attempts to move the target creature towards a spot
                  | adjacent to the caster. Starts at range two and maxes at
                  | range 7 with 200 spellpower.
 10331 | Lair:3   | Learned a level 2 spell: Blink
 10441 | Lair:3   | Reached skill level 1 in Necromancy
 10537 | Lair:3   | Found a runed translucent gate.
 10538 | Lair:3   | Found a runed translucent gate.
 10539 | Lair:3   | Found a runed translucent gate.
 10540 | Lair:3   | Noticed btv's ghost (journeyman DrTm)
 10541 | Lair:3   | Noticed imnewhereh's ghost (journeyman TrFi)
 10541 | Lair:3   | Noticed Kiuman's ghost (journeyman TeAE)
 10541 | Lair:3   | Noticed Kiuman's ghost (journeyman TeAE)
 10606 | Lair:3   | Reached skill level 2 in Necromancy
 10677 | Lair:4   | Noticed Rupert
 10690 | Lair:4   | Killed Rupert
 10690 | Lair:4   | Reached skill level 3 in Necromancy
 10690 | Lair:4   | Reached XP level 15. HP: 120/120 MP: 1/32
 10695 | Lair:4   | Learned a level 1 spell: Animate Skeleton
 10837 | Lair:4   | Found a staircase to the Shoals.
 10867 | Lair:4   | Reached skill level 4 in Necromancy
 10963 | Lair:4   | You fall into a shaft and drop 2 floors!
 10963 | Lair:6   | Entered Level 6 of the Lair of Beasts
 11129 | Lair:6   | Reached skill level 5 in Necromancy
 11136 | Lair:6   | Reached skill level 20 in Earth Magic
 11256 | Lair:6   | Identified the ring of Osidgh {rPois rN+ Str+6 Stlth+} (You
                  | found it on level 6 of the Lair of Beasts)
 11261 | Lair:6   | Reached skill level 6 in Necromancy
 11467 | Lair:6   | Reached skill level 7 in Necromancy
 11646 | Lair:6   | Found a staircase to the Slime Pits.
 12070 | Lair:5   | Reached skill level 8 in Necromancy
 12184 | Lair:5   | Identified the +7 rapier of Growth {venom, +Blink rF-
                  | Str+6} (You found it on level 5 of the Lair of Beasts)
 12306 | Snake:1  | Entered Level 1 of the Snake Pit
 12363 | Snake:1  | Learned a level 6 spell: Iron Shot
 12383 | Snake:1  | Reached skill level 21 in Earth Magic
 12391 | Snake:1  | Identified the +2 scale mail of the Lobster {rN++ Int+3
                  | SInv Stlth-} (You found it on level 1 of the Snake Pit)
 12411 | Snake:1  | Reached skill level 9 in Necromancy
 12532 | Snake:1  | Reached skill level 8 in Armour
 12555 | Snake:1  | Reached XP level 16. HP: 127/127 MP: 1/33
 12644 | Snake:1  | Reached skill level 9 in Armour
 12846 | Snake:1  | You fall into a shaft and drop 1 floor!
 12961 | Snake:2  | Reached skill level 10 in Armour
 13020 | Snake:2  | You fall into a shaft and drop 1 floor!
 13060 | Snake:3  | Reached skill level 11 in Armour
 13244 | Snake:3  | Found Yqumiwki's Antique Armour Boutique.
 13259 | Snake:3  | Bought shiny gold dragon scales for 2573 gold pieces
 13505 | Snake:3  | Bought a smoking buckler for 294 gold pieces
 13515 | Snake:3  | Identified the +0 buckler of the Camelopard {rPois rC+
                  | Int+4 Dex-3 SInv} (You bought it in a shop on level 3 of
                  | the Snake Pit)
 13526 | Snake:4  | Entered Level 4 of the Snake Pit
 13666 | Snake:4  | Reached skill level 12 in Armour
 13806 | Snake:4  | Reached skill level 13 in Armour
 14142 | Snake:4  | Reached skill level 14 in Armour
 14221 | Snake:4  | Reached XP level 17. HP: 134/134 MP: 0/34
 14241 | Snake:4  | Reached skill level 15 in Armour
 14474 | Snake:4  | Got a serpentine rune of Zot
 14491 | Snake:4  | Reached skill level 16 in Armour
 14596 | Snake:2  | Noticed Aizul
 14603 | Snake:2  | Killed Aizul
 14603 | Snake:2  | Reached skill level 11 in Dodging
 14747 | Snake:1  | Noticed Nikola
 14755 | Snake:1  | Killed Nikola
 14755 | Snake:1  | Reached skill level 12 in Dodging
 14933 | Shoals:1 | Entered Level 1 of the Shoals
 14943 | Shoals:1 | Found Korrunax's Antique Weapon Shoppe.
 15060 | Shoals:1 | Found a radiant altar of Vehumet.
 15065 | Shoals:1 | Noticed a kraken
 15108 | Shoals:2 | You fall into a shaft and drop 1 floor!
 15162 | Shoals:3 | Reached skill level 13 in Dodging
 15169 | Shoals:3 | Learned a level 3 spell: Gell's Gravitas
 15172 | Shoals:4 | Entered Level 4 of the Shoals
 15279 | Shoals:4 | HP: 24/134 [water nymph/the raging water (36)]
 15362 | Shoals:4 | Got a barnacled rune of Zot
 15453 | Shoals:4 | Reached skill level 22 in Earth Magic
 15537 | Shoals:4 | Gained mutation: You passively map a large area around you.
                  | [Deep Dwarf growth]
 15537 | Shoals:4 | Reached XP level 18. HP: 141/141 MP: 18/35
 15586 | Shoals:4 | Got a scorched dagger
 15587 | Shoals:4 | Identified the +8 dagger of Tumult {venom, MP-9 Dex+4} (You
                  | found it on level 4 of the Shoals)
 15713 | Shoals:4 | Identified the Almanac of Transmutation and Feathers
 15840 | Shoals:3 | Reached skill level 1 in Conjurations
 15844 | Shoals:2 | Noticed Polyphemus
 15991 | Shoals:2 | Reached skill level 2 in Conjurations
 16045 | Shoals:2 | Found a runed translucent door.
 16046 | Shoals:2 | Noticed Taskuci's ghost (adept DDFi)
 16063 | Shoals:2 | Irenicus: ?? polypemos
 16063 | Shoals:2 | beem: polypemos ~ polyphemus[1/2]: A cyclops. Throws large
                  | rocks. Comes with death yaks and the like. Same ranged
                  | damage as a stone giant, but better melee, more HP, and
                  | worse MR. Normal speed, unlike other cyclopes.
 16082 | Shoals:2 | Reached skill level 23 in Earth Magic
 16102 | Shoals:2 | Killed Polyphemus
 16102 | Shoals:2 | Reached skill level 3 in Conjurations
 16156 | Shoals:1 | Found Niapnyuz's Weapon Shoppe.
 16301 | Slime:1  | Entered Level 1 of the Pits of Slime
 16311 | Slime:1  | Reached skill level 4 in Conjurations
 16450 | Slime:1  | Reached skill level 5 in Conjurations
 16505 | Slime:2  | Noticed Dissolution
 16554 | Slime:2  | Reached skill level 6 in Conjurations
 16615 | Slime:2  | Reached skill level 7 in Conjurations
 16706 | Slime:1  | Reached skill level 5 in Translocations
 17046 | Slime:2  | Killed Dissolution
 17201 | Slime:3  | Reached skill level 14 in Dodging
 17483 | Slime:3  | Reached XP level 19. HP: 124/147 MP: 5/36
 17630 | Slime:3  | Reached skill level 15 in Dodging
 17723 | Slime:5  | Entered Level 5 of the Pits of Slime
 17731 | Slime:4  | Reached skill level 5 in Fighting
 18041 | Slime:5  | Reached skill level 6 in Fighting
 18090 | Slime:5  | Gained mutation: You are frail. (-10% HP) [a shining eye]
 18093 | Slime:5  | Reached skill level 7 in Fighting
 18103 | Slime:5  | HP: 32/142 [acid blob/splash of acid (5)]
 18246 | Slime:5  | HP: 12/142 [acid blob (30)]
 18276 | Slime:5  | Noticed the Royal Jelly
 18283 | Slime:5  | Irenicus: ?? fear
 18283 | Slime:5  | beem: fear[1/1]: Status that stops you from moving towards
                  | a monster or going berserk. The opposite of mesmerise. For
                  | the spell or scroll see {scroll of fear}.
 18283 | Slime:5  | Irenicus: ?? mindless
 18283 | Slime:5  | beem: mindless[1/1]: A tag on slimes, some undead, and some
                  | bugs that causes them to step into various clouds when they
                  | cannot step around them, without regard for their HP. They
                  | also cannot be pacified with Elyvilon, and they cannot
                  | pathfind as far.
 18298 | Slime:5  | Reached skill level 8 in Fighting
 18387 | Slime:5  | Found a viscous altar of Jiyva.
 18419 | Slime:5  | Irenicus: ?? potion of resistance
 18419 | Slime:5  | beem: potion of resistance[1/1]: Gives temporary resistance
                  | to fire, cold, electricity, acid, and poison. Duration is
                  | between 10 and 29 turns. Nice against Nikola, in Slime:5
                  | and on Zot:5.
 18419 | Slime:5  | Irenicus: ?? Nikola
 18419 | Slime:5  | beem: nikola[1/4]: If you don't have rElec, go away. If you
                  | do have rElec, go away. In either case, just use curare.
                  | Kill him for his cloak and gloves and rapier of elec!
 18432 | Slime:5  | Killed the Royal Jelly
 18432 | Slime:5  | Reached skill level 9 in Fighting
 18484 | Slime:5  | Got a slimy rune of Zot
 18546 | Slime:5  | Identified the +6 eveningstar "Oghe" {antimagic, *Slow +Inv
                  | Str-2 Int+8} (You found it on level 5 of the Pits of Slime)
 18569 | Slime:5  | Identified the amulet "Fime Lam" {RegenMP rC+ Dex+4} (You
                  | found it on level 5 of the Pits of Slime)
 18575 | Slime:5  | Reached skill level 10 in Fighting
 18599 | Slime:5  | Acquired 600 gold pieces
 18600 | Slime:5  | Acquired an uncursed staff of earth
 18601 | Slime:5  | Got a faintly glowing golden ring
 18604 | Slime:5  | Identified the cursed ring "Wazocuqo" {rN++ MR- Int+4 Dex-4
                  | SInv} (You found it on level 5 of the Pits of Slime)
 18627 | Slime:5  | Identified the Catalogue of Sinister Calling
 18730 | Slime:5  | HP: 36/151 [death ooze[the Royal Jelly] (28)]
 19437 | Elf:1    | Entered Level 1 of the Elven Halls
 19595 | Elf:1    | Reached skill level 24 in Earth Magic
 19617 | Elf:1    | Reached XP level 20. HP: 158/158 MP: 13/37
 19646 | Elf:1    | Identified the Reference Book on Companions
 19872 | Elf:2    | Found Rokkued's Magic Scroll Shop.
 20075 | Elf:2    | Found a runed translucent gate.
 20075 | Elf:2    | Found a runed translucent gate.
 20075 | Elf:2    | Found a runed translucent gate.
 20140 | Elf:2    | Reached skill level 25 in Earth Magic
 20447 | Elf:3    | Entered Level 3 of the Elven Halls
 20500 | Elf:3    | Noticed Saint Roka
 20511 | Elf:3    | Killed Saint Roka
 20556 | Elf:3    | Found Jaaqoohy's Antique Weapon Shop.
 20638 | Elf:3    | Learned a level 9 spell: Shatter
 20660 | Elf:3    | Identified the +1 great sword of Mana {drain, rC- rN++}
                  | (You found it on level 3 of the Elven Halls)
 20898 | Elf:3    | Reached skill level 14 in Spellcasting
 21004 | Elf:3    | Identified the +0 leather armour "Xotic" {Harm rF+ Int+4}
 21008 | Elf:3    | Cast into level 2 of the Abyss (a deep elf sorcerer)
 21123 | Elf:3    | Escaped the Abyss
 21152 | Elf:3    | Identified the quicksilver dragon scales of the Merchant
                  | {*Corrode rPois rN+ MR+ Slay+4} (You found it on level 3 of
                  | the Elven Halls)
 21159 | Elf:3    | Identified the Papyrus of Evil and Slavery
 21160 | Elf:3    | Got a brightly glowing golden ring
 21165 | Elf:3    | Identified the ring "Himeuseff" {*Tele rC- Str+8 Int-2
                  | Dex+5} (You found it on level 3 of the Elven Halls)
 21180 | Elf:3    | Identified the cursed +1 scale mail of Noughts and Crosses
                  | {+Inv Str+2} (You found it on level 3 of the Elven Halls)
 21181 | Elf:3    | Got a shimmering tin ring
 21182 | Elf:3    | Identified the ring of Atheism {*Tele rC+ Dex+2} (You took
                  | it off a deep elf death mage on level 3 of the Elven Halls)
 21185 | Elf:3    | Irenicus: ?? quicksilver scale
 21185 | Elf:3    | beem: I don't have a page labeled quicksilver_scale in my
                  | learndb.
 21195 | Elf:3    | Found the amulet of Vitality {Regen+ HP+15}
 21206 | Elf:3    | Got a fading short sword
 21207 | Elf:3    | Identified the +5 short sword "Ibromiyk" {elec, Str+4} (You
                  | found it on level 3 of the Elven Halls)
 21279 | Elf:2    | Bought a scroll of blinking for 150 gold pieces
 21279 | Elf:2    | Bought a scroll of teleportation for 60 gold pieces
 21279 | Elf:2    | Bought a scroll of teleportation for 60 gold pieces
 21476 | Vaults:1 | Entered Level 1 of the Vaults
 21489 | Vaults:1 | Reached skill level 15 in Spellcasting
 21503 | Vaults:1 | Learned a level 6 spell: Statue Form
 21524 | Vaults:1 | Reached XP level 21. HP: 164/164 MP: 22/40
 21698 | Vaults:2 | Found a flickering gateway to a bazaar.
 21713 | Bazaar   | Entered a bazaar
 21713 | Bazaar   | Found Fithros's Magic Scroll Emporium.
 21713 | Bazaar   | Found Ellid's Antique Weapon Shoppe.
 21713 | Bazaar   | Found Muluapo's Jewellery Shop.
 21715 | Bazaar   | Found Luxaorghu's General Store.
 21742 | Bazaar   | Bought a scroll of teleportation for 30 gold pieces
 21742 | Bazaar   | Bought a scroll of blinking for 75 gold pieces
 21759 | Bazaar   | Bought 11 stones for 15 gold pieces
 21759 | Bazaar   | Bought 16 stones for 22 gold pieces
 21759 | Bazaar   | Bought 22 stones for 30 gold pieces
 21765 | Vaults:2 | Reached skill level 26 in Earth Magic
 21858 | Vaults:2 | Found a magical portal.
 21869 | WizLab   | Entered Cigotuvi's Fleshworks
 22149 | WizLab   | Identified Cigotuvi's Reference Book on Dark Changing
 22293 | WizLab   | Paralysed by a floating eye for 3 turns
 22298 | WizLab   | Paralysed by a floating eye for 3 turns
 22332 | WizLab   | Paralysed by a floating eye for 3 turns
 22385 | WizLab   | Reached skill level 27 in Earth Magic
 22433 | WizLab   | Got a scorched brass amulet
 22434 | WizLab   | Identified the amulet of Neups {Inacc Str+6} (You found it
                  | in a wizard's laboratory)
 22549 | Vaults:3 | Found Peatzot's Antique Weapon Shoppe.
 22554 | Vaults:3 | Irenicus: ?? wyrmbane
 22554 | Vaults:3 | beem: wyrmbane[1/3]: (polearms; +4 acc / 8 dam / 1.1 base
                  | delay / 0.5 min delay) A scale-covered lance +8 Wyrmbane
                  | {slay drac, rPois rF+ rC+ AC+3}. Gains +1 enchantment every
                  | time it lands the finishing blow against a {slay drac}
                  | affected monster (up to the lower of +18 or the dragon's
                  | HD).
 22850 | Vaults:3 | Reached skill level 16 in Spellcasting
 22910 | Vaults:3 | Irenicus: ?? constric
 22910 | Vaults:3 | beem: constric ~ constriction[1/6]: Nagas, octopodes (both
                  | player and monster), ball pythons, anacondas, tentacles-
                  | both vanilla and eldritch flavours- and tentacled
                  | monstrosities get this as an extra attack. Holds the target
                  | in place and deals increasing damage over time.
 22953 | Vaults:3 | Got a bloodstained mace
 22954 | Vaults:3 | Identified the +5 mace of Nur Oras {venom, Dex+3} (You
                  | found it on level 3 of the Vaults)
 23066 | Vaults:3 | Found Ximaibb's Magic Scroll Boutique.
 23073 | Vaults:3 | Bought a scroll of teleportation for 45 gold pieces
 23076 | Vaults:3 | Noticed Asterion
 23081 | Vaults:3 | Killed Asterion
 23145 | Vaults:3 | Reached XP level 22. HP: 158/171 MP: 4/42
 23157 | Vaults:3 | Irenicus: ??vault
 23157 | Vaults:3 | beem: vault[1/9]: A small pre-designed section of the
                  | dungeon. Most of the evil ones can be blamed on dpeg or
                  | Lemuel or minmay or evilmike or a demonic alliance of some
                  | subset of the four. The guards around branch entrances and
                  | special branch ends are examples. See also the {Vaults}.
                  | See {special room} for the rectangular rooms with orcs,
                  | bees, etc.
 23259 | Vaults:3 | Found Boafo's Distillery.
 23263 | Vaults:3 | You fall into a shaft and drop 1 floor!
 23556 | Vaults:4 | Reached skill level 17 in Spellcasting
 23688 | Vaults:4 | Found Oshreling's Jewellery Shoppe.
 23765 | Vaults:5 | Entered Level 5 of the Vaults
 23766 | Vaults:5 | Reached skill level 11 in Fighting
 23796 | Vaults:5 | Reached skill level 12 in Fighting
 23813 | Vaults:4 | Found a runed translucent door.
 23813 | Vaults:4 | Noticed Norharag's ghost (adept HuBe)
 23905 | Vaults:4 | Killed Norharag's ghost
 24027 | Vaults:5 | Reached skill level 13 in Fighting
 24076 | Vaults:4 | Identified the ring "Jeerur" {*Tele rPois Str+3 Int+3 SInv}
 24287 | Vaults:5 | Reached XP level 23. HP: 190/190 MP: 43/44
 24287 | Vaults:5 | Reached skill level 14 in Fighting
 24290 | Vaults:5 | Reached skill level 6 in Shields
 24299 | Vaults:5 | Reached skill level 7 in Shields
 24303 | Vaults:5 | Identified the cursed +1 battleaxe of Cenuhidgh {freeze,
                  | rElec rF+ Dex+4}
 24308 | Vaults:5 | Reached skill level 8 in Shields
 24528 | Vaults:5 | Reached skill level 9 in Stealth
 24590 | Vaults:5 | Identified the amulet of Doubts {Spirit rElec MP-9 Str+4
                  | Slay-6}
 24614 | Vaults:5 | Found the +7 lajatang of Order {silver, rMut}
 24831 | Vaults:5 | Found Igah's Jewellery Shop.
 24838 | Vaults:5 | Got a silver rune of Zot
 24990 | Vaults:3 | Reached skill level 18 in Spellcasting
 25029 | Vaults:2 | Identified the amulet "Mykixiva" {Acrobat Str+5}
 25042 | Vaults:2 | Reached skill level 15 in Fighting
 25135 | Vaults:2 | Identified the amulet of the Jolly Ultimatums {Reflect
                  | rPois Int-2 Dex+4 SH+5} (You found it on level 2 of the
                  | Vaults)
 25143 | Vaults:2 | Found a staircase to the Crypt.
 25151 | Crypt:1  | Entered Level 1 of the Crypt
 25457 | Crypt:2  | Reached skill level 16 in Fighting
 25642 | Crypt:3  | Entered Level 3 of the Crypt
 25642 | Crypt:3  | Noticed Jory
 25649 | Crypt:3  | Killed Jory
 25649 | Crypt:3  | Reached XP level 24. HP: 207/207 MP: 10/45
 25723 | Crypt:3  | Noticed Frederick
 25740 | Crypt:3  | Killed Frederick
 25740 | Crypt:3  | Reached skill level 17 in Fighting
 26012 | Crypt:3  | Reached skill level 19 in Spellcasting
 26033 | Crypt:3  | Found an ancient bone altar of Kikubaaqudgha.
 26050 | Crypt:3  | Noticed an ancient lich
 26055 | Crypt:3  | Killed an ancient lich
 26072 | Crypt:3  | Identified Jocuff's Compendium of Displaced Beguiling
 26080 | Crypt:3  | Learned a level 2 spell: Sublimation of Blood
 26135 | Crypt:3  | Noticed Sojobo
 26140 | Crypt:3  | Killed Sojobo
 26144 | Crypt:3  | Reached skill level 18 in Fighting
 26229 | Crypt:3  | Identified the Tome of the Glacier
 26288 | Crypt:3  | Identified Qarre's Volume of Dislocated Poison
 26296 | Crypt:3  | Learned a level 4 spell: Dispel Undead
 26299 | Crypt:3  | Learned a level 2 spell: Swiftness
 26393 | Crypt:3  | Irenicus: ?? crypt
 26393 | Crypt:3  | beem: crypt[1/1]: Accessed from the Vaults somewhere on
                  | level 2 or 3. Three levels deep. DracoOmega gave it a
                  | revamp involving ancient champions, eidolons, lost souls,
                  | phantasmal warriors, and revenants, reducing zombie and
                  | skeletal warrior fatigue in the process.
 26640 | Crypt:3  | Found a staircase to the Tomb.
 26646 | Tomb:1   | Entered Level 1 of the Tomb of the Ancients
 26741 | Tomb:1   | Reached skill level 10 in Necromancy
 26761 | Tomb:1   | Reached skill level 11 in Necromancy
 26789 | Tomb:1   | Noticed a greater mummy
 26795 | Tomb:1   | Noticed a greater mummy
 26795 | Tomb:1   | Noticed a greater mummy
 26796 | Tomb:1   | Noticed a greater mummy
 26796 | Tomb:1   | Noticed a greater mummy
 26796 | Tomb:1   | Noticed a greater mummy
 26797 | Tomb:1   | Killed a greater mummy
 26797 | Tomb:1   | Killed a greater mummy
 26797 | Tomb:1   | Reached skill level 12 in Necromancy
 26797 | Tomb:1   | Noticed a greater mummy
 26797 | Tomb:1   | Noticed a greater mummy
 26797 | Tomb:1   | Noticed a greater mummy
 26798 | Tomb:1   | Killed a greater mummy
 26798 | Tomb:1   | Killed a greater mummy
 26798 | Tomb:1   | Reached skill level 13 in Necromancy
 26798 | Tomb:1   | Killed a greater mummy
 26798 | Tomb:1   | Noticed a greater mummy
 26799 | Tomb:1   | Noticed a greater mummy
 26800 | Tomb:1   | Killed a greater mummy
 26800 | Tomb:1   | Reached XP level 25. HP: 156/219 MP: 5/46
 26800 | Tomb:1   | Noticed a greater mummy
 26801 | Tomb:1   | Killed a greater mummy
 26801 | Tomb:1   | Killed a greater mummy
 26801 | Tomb:1   | Reached skill level 14 in Necromancy
 26802 | Tomb:1   | Noticed a greater mummy
 26803 | Tomb:1   | Killed a greater mummy
 26804 | Tomb:1   | Killed a greater mummy
 26804 | Tomb:1   | Killed a greater mummy
 26804 | Tomb:1   | Reached skill level 15 in Necromancy
 26804 | Tomb:1   | Killed a greater mummy
 26804 | Tomb:1   | Killed a greater mummy
 26804 | Tomb:1   | Noticed a greater mummy
 26809 | Tomb:1   | Noticed a greater mummy
 26810 | Tomb:1   | HP: 54/219 [??? (17)]
 26811 | Tomb:1   | Killed a greater mummy
 26835 | Tomb:1   | Reached skill level 16 in Necromancy
 26960 | Tomb:1   | Killed a greater mummy
 26998 | Tomb:1   | Noticed a greater mummy
 27006 | Tomb:1   | Killed a greater mummy
 27009 | Tomb:1   | Noticed a greater mummy
 27014 | Tomb:1   | HP: 69/284 [jiangshi[a greater mummy] (12)]
 27015 | Tomb:1   | Killed a greater mummy
 27102 | Tomb:1   | Noticed a greater mummy
 27120 | Tomb:1   | HP: 49/219 [torment (26)]
 27126 | Tomb:1   | HP: 58/284 [emperor scorpion[a greater mummy] (6)]
 27130 | Tomb:1   | Killed a greater mummy
 27130 | Tomb:1   | Reached skill level 17 in Necromancy
 27359 | Tomb:2   | Noticed an ancient lich
 27359 | Tomb:2   | Noticed a greater mummy
 27359 | Tomb:2   | Noticed a greater mummy
 27359 | Tomb:2   | Noticed a greater mummy
 27360 | Tomb:2   | Reached skill level 18 in Necromancy
 27360 | Tomb:2   | Killed an ancient lich
 27361 | Tomb:2   | Killed a greater mummy
 27361 | Tomb:2   | Noticed a greater mummy
 27362 | Tomb:2   | Killed a greater mummy
 27379 | Tomb:2   | Killed a greater mummy
 27379 | Tomb:2   | Reached skill level 19 in Necromancy
 27385 | Tomb:2   | Killed a greater mummy
 27391 | Tomb:2   | Acquired a +1 kite shield of protection
 27460 | Tomb:2   | Reached XP level 26. HP: 199/226 MP: 25/46
 27616 | Tomb:3   | Entered Level 3 of the Tomb of the Ancients
 27638 | Tomb:3   | Noticed a greater mummy
 27640 | Tomb:3   | Noticed a greater mummy
 27641 | Tomb:3   | Noticed a greater mummy
 27641 | Tomb:3   | Noticed a greater mummy
 27644 | Tomb:3   | Reached skill level 20 in Necromancy
 27644 | Tomb:3   | Killed a greater mummy
 27644 | Tomb:3   | Noticed a greater mummy
 27644 | Tomb:3   | Noticed a greater mummy
 27644 | Tomb:3   | Noticed a greater mummy
 27645 | Tomb:3   | Killed a greater mummy
 27646 | Tomb:3   | Killed a greater mummy
 27646 | Tomb:3   | Noticed an ancient lich
 27647 | Tomb:3   | Killed an ancient lich
 27649 | Tomb:3   | HP: 73/293 [sun demon[a greater mummy] (17)]
 27650 | Tomb:3   | Reached skill level 21 in Necromancy
 27650 | Tomb:3   | Killed a greater mummy
 27651 | Tomb:3   | Killed a greater mummy
 27651 | Tomb:3   | Killed a greater mummy
 27651 | Tomb:3   | Killed a greater mummy
 27651 | Tomb:3   | Noticed a greater mummy
 27654 | Tomb:3   | HP: 70/293 [bennu (10)]
 27663 | Tomb:3   | HP: 62/295 [??? (8)]
 27668 | Tomb:3   | Killed a greater mummy
 27668 | Tomb:3   | HP: 56/295 [torment (6)]
 27674 | Tomb:3   | HP: 47/295 [bennu (5)]
 27677 | Tomb:3   | Identified the ring "Taheqoim" {+Fly rF+} (You found it on
                  | level 3 of the Tomb of the Ancients)
 27696 | Tomb:3   | Identified the +1 robe of Decompression {Str+2 Int+2} (You
                  | found it on level 3 of the Tomb of the Ancients)
 27750 | Tomb:3   | Got a golden rune of Zot
 27775 | Tomb:3   | Found the ring of Phasing {EV+8}
 27781 | Tomb:3   | Identified the Incunabulum of the Lethal Glacier
 27783 | Tomb:3   | Identified the Papyrus of Companions and the Birds
 27786 | Tomb:3   | Identified the +3 leather armour "Tumauppu" {SInv} (You
                  | found it on level 3 of the Tomb of the Ancients)
 27787 | Tomb:3   | Identified the ring of Fynnurest {*Drain rPois rN+ MP+9
                  | Int+5 SInv} (You found it on level 3 of the Tomb of the
                  | Ancients)
 27800 | Tomb:3   | Lost mutation: You are frail. (-10% HP) [potion of
                  | mutation]
 27800 | Tomb:3   | Gained mutation: You are robust. (+10% HP) [potion of
                  | mutation]
 27800 | Tomb:3   | Gained mutation: You are weak. (Str -2) [potion of
                  | mutation]
 27800 | Tomb:3   | Gained mutation: Your system is resistant to poisons.
                  | (rPois) [potion of mutation]
 28059 | Crypt:1  | HP: 41/278 [skeletal warrior/+0 halberd[a skeletal warrior]
                  | (18)]
 28061 | Crypt:1  | Reached skill level 22 in Necromancy
 28185 | Depths:1 | Entered Level 1 of the Depths
 28201 | Depths:1 | Found Fezxas's Distillery.
 28204 | Depths:1 | Bought a potion of haste for 140 gold pieces
 28204 | Depths:1 | Bought a potion of brilliance for 56 gold pieces
 28204 | Depths:1 | Bought a potion of haste for 140 gold pieces
 28204 | Depths:1 | Bought a potion of resistance for 140 gold pieces
 28204 | Depths:1 | Bought a potion of curing for 42 gold pieces
 28204 | Depths:1 | Bought a potion of ambrosia for 112 gold pieces
 28204 | Depths:1 | Bought a potion of haste for 140 gold pieces
 28204 | Depths:1 | Bought a potion of heal wounds for 70 gold pieces
 28204 | Depths:1 | Bought a potion of might for 56 gold pieces
 28209 | Depths:1 | HP: 69/278 [stone giant/large rock (7)]
 28215 | Depths:1 | Found a one-way gate to the infinite horrors of the Abyss.
 28260 | Depths:1 | Voluntarily entered the Abyss.
 28567 | Abyss:1  | Found a corrupted altar of Lugonu.
 28568 | Abyss:1  | Found a corrupted altar of Lugonu.
 28578 | Abyss:1  | Identified the cursed +1 flail of Devotion {flame, *Contam
                  | rF+++ MR+ Str+2 Stlth-} (You found it on level 1 of the
                  | Abyss)
 28787 | Abyss:2  | Reached skill level 16 in Dodging
 28854 | Abyss:3  | Found a corrupted altar of Lugonu.
 28865 | Abyss:3  | Found a corrupted altar of Lugonu.
 28879 | Abyss:3  | Found a corrupted altar of Lugonu.
 28907 | Abyss:4  | Identified the Incunabulum of Ice
 28931 | Abyss:4  | Got an abyssal rune of Zot
 28938 | Depths:1 | Escaped the Abyss
 28967 | Depths:1 | Noticed Mara
 28971 | Depths:1 | Killed Mara
 28977 | Depths:1 | Reached skill level 17 in Dodging
 29051 | Depths:1 | Found a gateway to a ziggurat.
 29081 | Depths:1 | Irenicus: ?? figurine
 29081 | Depths:1 | beem: ziggurat[7/7]: In 0.18+, Ziggurats no longer spawn in
                  | Pan and instead a ziggurat figurine is placed at the bottom
                  | of each ziggurat and Tomb:3. The figurine can be evoked to
                  | spawn another ziggurat.
 29083 | Zig:1    | Entered Level 1 of a ziggurat
 29099 | Zig:2    | Entered Level 2 of a ziggurat
 29117 | Zig:3    | Entered Level 3 of a ziggurat
 29123 | Zig:3    | Learned a level 4 spell: Passage of Golubria
 29134 | Zig:4    | Entered Level 4 of a ziggurat
 29144 | Zig:4    | Reached XP level 27. HP: 220/286 MP: 12/46
 29167 | Zig:4    | Got a scintillating steel ring
 29169 | Zig:4    | Identified the ring of Jigeust {rC+ MP+9 Str+5} (You found
                  | it on level 4 of a ziggurat)
 29178 | Zig:5    | Entered Level 5 of a ziggurat
 29218 | Zig:6    | Entered Level 6 of a ziggurat
 29225 | Zig:6    | Noticed a juggernaut
 29225 | Zig:6    | Noticed a juggernaut
 29227 | Zig:6    | Reached skill level 18 in Dodging
 29227 | Zig:6    | Killed a juggernaut
 29230 | Zig:6    | Killed a juggernaut
 29246 | Zig:7    | Entered Level 7 of a ziggurat
 29271 | Zig:8    | Entered Level 8 of a ziggurat
 29279 | Zig:8    | Reached skill level 19 in Dodging
 29290 | Zig:8    | Identified Liqonom's Tome of Contamination and Necromancy
 29304 | Zig:9    | Entered Level 9 of a ziggurat
 29313 | Zig:9    | Reached skill level 4 in Evocations
 29313 | Zig:9    | Reached skill level 5 in Evocations
 29313 | Zig:9    | Reached skill level 6 in Evocations
 29313 | Zig:9    | Reached skill level 7 in Evocations
 29316 | Zig:9    | Reached skill level 8 in Evocations
 29317 | Zig:9    | Reached skill level 9 in Evocations
 29322 | Zig:9    | Got a transparent jade ring
 29324 | Zig:9    | Identified the ring of Nienn {Int+6 Dex+6} (You found it on
                  | level 9 of a ziggurat)
 29331 | Zig:10   | Entered Level 10 of a ziggurat
 29338 | Zig:10   | Reached skill level 10 in Evocations
 29338 | Zig:10   | Reached skill level 11 in Evocations
 29341 | Zig:10   | Reached skill level 12 in Evocations
 29345 | Zig:10   | Identified the Almanac of Attacks
 29349 | Zig:10   | Identified Kikubaaqudgha's Reference Book on Black Rites
 29350 | Zig:10   | Identified Inireacs's Tome of Calling and Bewitchment
 29353 | Zig:10   | Identified the +5 chain mail "Wijoc" {rElec} (You found it
                  | on level 10 of a ziggurat)
 29372 | Zig:11   | Entered Level 11 of a ziggurat
 29378 | Zig:11   | Noticed an ancient lich
 29381 | Zig:11   | Reached skill level 13 in Evocations
 29383 | Zig:11   | Killed an ancient lich
 29383 | Zig:11   | Reached skill level 14 in Evocations
 29383 | Zig:11   | Reached skill level 15 in Evocations
 29400 | Zig:12   | Entered Level 12 of a ziggurat
 29409 | Zig:12   | Reached skill level 16 in Evocations
 29417 | Zig:12   | Reached skill level 17 in Evocations
 29432 | Zig:13   | Entered Level 13 of a ziggurat
 29436 | Zig:13   | Noticed a juggernaut
 29438 | Zig:13   | Noticed a juggernaut
 29440 | Zig:13   | Killed a juggernaut
 29440 | Zig:13   | Reached skill level 18 in Evocations
 29441 | Zig:13   | Killed a juggernaut
 29454 | Zig:13   | Got an ancient amber ring
 29456 | Zig:13   | Identified the ring of Lerry {MR+ MP+9 Dex+6} (You found it
                  | on level 13 of a ziggurat)
 29469 | Zig:14   | Entered Level 14 of a ziggurat
 29474 | Zig:14   | Noticed Xyar the pandemonium lord
 29474 | Zig:14   | Noticed Noqiot the pandemonium lord
 29475 | Zig:14   | Noticed Wotuisareo the pandemonium lord
 29475 | Zig:14   | Noticed Xafiy the pandemonium lord
 29479 | Zig:14   | Noticed Itilen the pandemonium lord
 29479 | Zig:14   | Killed Xafiy the pandemonium lord
 29479 | Zig:14   | Reached skill level 19 in Evocations
 29482 | Zig:14   | Killed Noqiot the pandemonium lord
 29489 | Zig:14   | Killed Wotuisareo the pandemonium lord
 29500 | Zig:14   | Killed Xyar the pandemonium lord
 29502 | Zig:14   | HP: 45/286 [Itilen the pandemonium lord (43)]
 29504 | Zig:14   | HP: 4/286 [Itilen the pandemonium lord (42)]
 29514 | Zig:14   | Found the amulet of the Air {Inacc +Fly rElec EV+5 RMsl}
 29514 | Zig:14   | Killed Itilen the pandemonium lord
 29514 | Zig:14   | Reached skill level 20 in Evocations
 29576 | Zig:15   | Entered Level 15 of a ziggurat
 29587 | Zig:15   | Reached skill level 20 in Dodging
 29601 | Zig:15   | Identified the Incunabulum of the Frostbite
 29603 | Zig:15   | Identified the Incunabulum of Creative Darkness
 29607 | Zig:15   | Identified the Catalogue of Changing and Snow
 29621 | Zig:16   | Entered Level 16 of a ziggurat
 29632 | Zig:16   | Reached skill level 21 in Dodging
 29644 | Zig:16   | Reached skill level 22 in Dodging
 29654 | Zig:16   | Found the +10 morningstar "Eos" {elec, Halo rElec}
 29654 | Zig:16   | Found the +7 mace of Variability {chain chaos}
 29654 | Zig:16   | Found the +0 mask of the Dragon {MR+ Slay+3 SInv}
 29655 | Zig:16   | Found the +4 robe of Augmentation {Str+4 Int+4 Dex+4}
 29660 | Zig:16   | Irenicus: ?? halo
 29660 | Zig:16   | beem: halo[1/1]: 1*+ TSO worshippers, users of {Eos}, or
                  | some holy creatures light up their surroundings like the
                  | Olympic Stadium, centered on themselves. Within the halo's
                  | radius, every creature (excluding the source) is easier to
                  | hit, invisible creatures are revealed, and the player's
                  | stealth is halved.
 29666 | Zig:16   | Reached skill level 23 in Dodging
 29667 | Zig:16   | Identified the +1 robe "Idweokh" {MR+ Int+4 Slay+2} (You
                  | found it on level 16 of a ziggurat)
 29669 | Zig:16   | Identified the ring of Cosetuv {MP+9 Str+3 Int+5} (You
                  | found it on level 16 of a ziggurat)
 29684 | Zig:17   | Entered Level 17 of a ziggurat
 29687 | Zig:17   | Irenicus: ?? ziggurat
 29687 | Zig:17   | beem: ziggurat[1/7]: A one-entry-only portal branch in
                  | which the player must battle their way through a series of
                  | (up to 27; leave after any floor) rooms for loot. The size
                  | of each room, difficulty of the randomly-selected monster
                  | set, and size of the loot pile increases with each level.
                  | One Zig is guaranteed in Depths. You need 2 runes to enter.
 29693 | Zig:17   | Found the +0 sword of Power
 29693 | Zig:17   | Found the amulet of the Four Winds {rN+ MR+++ Clar}
 29696 | Zig:17   | Reached skill level 1 in Staves
 29696 | Zig:17   | Reached skill level 2 in Staves
 29696 | Zig:17   | Reached skill level 3 in Staves
 29697 | Zig:17   | Reached skill level 4 in Staves
 29698 | Zig:17   | Reached skill level 5 in Staves
 29698 | Zig:17   | Reached skill level 6 in Staves
 29699 | Zig:17   | Reached skill level 7 in Staves
 29699 | Zig:17   | Reached skill level 8 in Staves
 29699 | Zig:17   | Reached skill level 9 in Staves
 29704 | Zig:17   | Reached skill level 10 in Staves
 29720 | Zig:17   | Identified the +1 ring mail of the Stone Wall {Str+5 Dex+6}
                  | (You found it on level 17 of a ziggurat)
 29725 | Zig:17   | Reached skill level 11 in Staves
 29730 | Zig:17   | Identified the +1 robe of Responsibility {rF+ rC- MR+++
                  | Int+4} (You found it on level 17 of a ziggurat)
 29732 | Zig:18   | Entered Level 18 of a ziggurat
 29741 | Zig:18   | Reached skill level 12 in Staves
 29757 | Zig:18   | Identified Guoff's Compendium of Aerial Orientation
 29767 | Zig:19   | Entered Level 19 of a ziggurat
 29774 | Zig:19   | Noticed Ikuacku the pandemonium lord
 29775 | Zig:19   | Found the +10 dark maul {vorpal}
 29775 | Zig:19   | Found the +12 glaive of Prune {vorpal}
 29775 | Zig:19   | Reached skill level 24 in Dodging
 29777 | Zig:19   | Killed Ikuacku the pandemonium lord
 29777 | Zig:19   | HP: 70/286 [Brimstone Fiend (14)]
 29779 | Zig:19   | Reached skill level 25 in Dodging
 29785 | Zig:19   | Lost mutation: You are robust. (+10% HP) [potion of
                  | mutation]
 29785 | Zig:19   | Gained mutation: You occasionally shout uncontrollably at
                  | your foes. [potion of mutation]
 29785 | Zig:19   | Gained mutation: You are resistant to electric shocks.
                  | (rElec) [potion of mutation]
 29791 | Zig:19   | Identified the Handbook of Subjectivity
 29795 | Zig:19   | Identified the amulet of Beauty {Inacc rElec rN+ Str+4
                  | Dex+3} (You found it on level 19 of a ziggurat)
 29813 | Zig:19   | Lost mutation: You are resistant to electric shocks.
                  | (rElec) [potion of mutation]
 29813 | Zig:19   | Lost mutation: You are weak. (Str -2) [potion of mutation]
 29813 | Zig:19   | Lost mutation: Your system is resistant to poisons. (rPois)
                  | [potion of mutation]
 29813 | Zig:19   | Gained mutation: You are clumsy. (Dex -2) [potion of
                  | mutation]
 29813 | Zig:19   | Gained mutation: Your body sometimes deteriorates upon
                  | taking damage. [potion of mutation]
 29813 | Zig:19   | Gained mutation: Your muscles are strong. (Str +2) [potion
                  | of mutation]
 29813 | Zig:19   | Gained mutation: You have sharp fingernails. [potion of
                  | mutation]
 29826 | Zig:19   | Lost mutation: Your muscles are strong. (Str +2) [potion of
                  | mutation]
 29826 | Zig:19   | Lost mutation: You are clumsy. (Dex -2) [potion of
                  | mutation]
 29826 | Zig:19   | Lost mutation: Your body sometimes deteriorates upon taking
                  | damage. [potion of mutation]
 29826 | Zig:19   | Lost mutation: You occasionally shout uncontrollably at
                  | your foes. [potion of mutation]
 29826 | Zig:19   | Gained mutation: You tend to lose your temper in combat.
                  | [potion of mutation]
 29826 | Zig:19   | Gained mutation: Your muscles are strong. (Str +2) [potion
                  | of mutation]
 29827 | Zig:19   | Lost mutation: You tend to lose your temper in combat.
                  | [potion of mutation]
 29827 | Zig:19   | Lost mutation: Your muscles are strong. (Str +2) [potion of
                  | mutation]
 29827 | Zig:19   | Lost mutation: You have sharp fingernails. [potion of
                  | mutation]
 29827 | Zig:19   | Gained mutation: Your body sometimes deteriorates upon
                  | taking damage. [potion of mutation]
 29827 | Zig:19   | Gained mutation: You are dopey. (Int -2) [potion of
                  | mutation]
 29827 | Zig:19   | Gained mutation: Your spells are a little easier to cast,
                  | but a little less powerful. [potion of mutation]
 29827 | Zig:19   | Gained mutation: You have sharp toenails. [potion of
                  | mutation]
 29828 | Zig:19   | Lost mutation: Your spells are a little easier to cast, but
                  | a little less powerful. [potion of mutation]
 29828 | Zig:19   | Lost mutation: Your body sometimes deteriorates upon taking
                  | damage. [potion of mutation]
 29828 | Zig:19   | Lost mutation: You are dopey. (Int -2) [potion of mutation]
 29828 | Zig:19   | Lost mutation: You have sharp toenails. [potion of
                  | mutation]
 29828 | Zig:19   | Gained mutation: Your spells are a little easier to cast,
                  | but a little less powerful. [potion of mutation]
 29828 | Zig:19   | Lost mutation: Your spells are a little easier to cast, but
                  | a little less powerful. [potion of mutation]
 29828 | Zig:19   | Gained mutation: You possess an exceptional clarity of
                  | mind. [potion of mutation]
 29830 | Zig:20   | Entered Level 20 of a ziggurat
 29842 | Zig:20   | Found the cursed necklace of Bloodlust {*Rage +Rage MR++
                  | Int-3 Slay+6 *Curse}
 29842 | Zig:20   | Reached skill level 20 in Spellcasting
 29859 | Zig:20   | Identified the Almanac of Poison
 29860 | Zig:20   | Identified the Tome of Limited Liability
 29876 | Zig:21   | Entered Level 21 of a ziggurat
 29884 | Zig:21   | Noticed an orb of fire
 29884 | Zig:21   | Noticed an orb of fire
 29885 | Zig:21   | Noticed an orb of fire
 29886 | Zig:21   | Noticed an orb of fire
 29889 | Zig:21   | Reached skill level 21 in Spellcasting
 29889 | Zig:21   | Noticed an orb of fire
 29891 | Zig:21   | Gained mutation: You are occasionally teleported next to
                  | monsters. [an orb of fire]
 29892 | Zig:21   | Killed an orb of fire
 29892 | Zig:21   | Killed an orb of fire
 29894 | Zig:21   | Noticed an orb of fire
 29895 | Zig:21   | Gained mutation: You are dopey. (Int -2) [an orb of fire]
 29896 | Zig:21   | Noticed an orb of fire
 29897 | Zig:21   | Noticed an orb of fire
 29897 | Zig:21   | Killed an orb of fire
 29900 | Zig:21   | Killed an orb of fire
 29902 | Zig:21   | Killed an orb of fire
 29903 | Zig:21   | Gained mutation: You are agile. (Dex +2) [an orb of fire]
 29904 | Zig:21   | Gained mutation: Your body sometimes deteriorates upon
                  | taking damage. [an orb of fire]
 29904 | Zig:21   | Gained mutation: Armour fits poorly on your strangely
                  | shaped body. [an orb of fire]
 29905 | Zig:21   | Killed an orb of fire
 29905 | Zig:21   | Reached skill level 22 in Spellcasting
 29905 | Zig:21   | HP: 54/260 [orb of fire/bolt of fire (42)]
 29908 | Zig:21   | Killed an orb of fire
 29911 | Zig:21   | HP: 19/260 [orb of fire/fireball (31)]
 29912 | Zig:21   | Killed from afar by an orb of fire

Illustrated notes

Levels and vault maps discovered:
D:1:      mrwooster_arrival_statue_2, layout_loops_cross
D:2:      wad_river_or_something, layout_loops_corners
D:3:      layout_basic
D:4:      layout_rooms, chequers_mini_garden
D:5:      layout_basic, minmay_temple_entry_drinking_statues, uniq_blork_the_orc
D:6:      layout_basic
D:7:      layout_loops_corners
D:8:      minmay_clustersquares, layout_loops_ring, kennysheep_little_box,
          grunt_dithmenos_smoke
D:9:      layout_long_grid, erik_lair_orcish_takeover
D:10:     layout_basic, basic_altar, trog_ov_bears_minmay
D:11:     layout_roguey, hiddenorc2_lemuel, minmay_shop_enchanted_jewellery
D:12:     layout_rooms, uniq_kirke
D:13:     layout_basic
D:14:     layout_irregular_city, david_vaults_2, kennysheep_path_1,
          minivault_14, uniq_azrael
D:15:     hangedman_depths_entry_try_elsewhere_first, layout_long_grid,
          serial_shops, shop, basic_altar, minmay_misc_feat_alley,
          fake_guardian_serpent_vault, uniq_josephine
Temple:   minmay_crystal_snake_temple
Lair:1:   layout_chaotic_city, portal_ice_cave_demonic_guard,
          gauntlet_entry_generic, uniq_sonja
Lair:2:   layout_hall_layers, dummy_snake_entry, uniq_fannar
Lair:3:   layout_big_grid, gammafunk_ghost_cemetery,
          chequers_serial_rivers_micro_a, grunt_megastairs_4,
          serial_bayou_shore_b
Lair:4:   layout_misc_corridors, minmay_shoals_entry_centaurs,
          serial_bayou_shore_a, minmay_lair_oklob_chamber, uniq_rupert
Lair:5:   layout_hall_layers, serial_bayou_shore_b
Lair:6:   guppyfry_lair_end_dragon, layout_regular_city,
          hangedman_lair_caniforms_friends, minmay_slime_entry_pillars
Shoals:1: layout_shoals, serial_shops, shop_statue,
          nicolae_shop_competitors_out_of_business,
          nicolae_shoals_cliffside_cave, wheals_shoals_ruined_temple
Shoals:2: layout_shoals, ebering_ghost_inner_flame, uniq_polyphemus
Shoals:3: layout_shoals, nicolae_shoals_this_corrosion
Shoals:4: shoals_end_simple, layout_shoals
Snake:1:  layout_basic, hangedman_venom_bottle, uniq_nikola
Snake:2:  layout_gridlike, st_stairs_1, uniq_aizul
Snake:3:  layout_cave_town, serial_shops, shop_fountains
Snake:4:  snake_hunt, layout_chambers, st_stairs_9
Slime:1:  cheibrodos_slime_lost_civilization_3, layout_caves,
          cheibrodos_slime_lost_civilization_4
Slime:2:  layout_caves, uniq_dissolution
Slime:3:  layout_caves
Slime:4:  layout_caves
Slime:5
Orc:1:    orc_temple, layout_diamond_mine
Orc:2:    st_orc_mages, layout_diamond_mine, uniq_maurice
Elf:1:    minmay_elf_crystal_pentagon, layout_geoelf_diagonals,
          minmay_elf_demonology, st_stairs_14, drop_trap
Elf:2:    layout_geoelf_octagon, serial_shops, nicolae_shop_statue_plus
Elf:3:    elf_hall, layout_onion_city, serial_shops,
          nicolae_shop_overgrown_old_shop, minivault_20, uniq_saint_roka
Vaults:1: vaults_room_guarded_vault, nicolae_vaults_triangles, v_misc_15,
          grunt_vaults_hallway_short, grunt_vaults_funnel,
          grunt_vaults_hallway_long, nicolae_vaults_little_squares_6,
          nicolae_vaults_little_squares_4, layout_vaults_big_cross
Vaults:2: nicolae_vaults_yaktaur_gun_rack, nicolae_vaults_little_squares_6,
          minmay_crypt_entry_simple_statues, hangedman_vaults_pinch,
          serial_ice_m, v_rooms_4, serial_ice_g, vaults_room_ringed_pool,
          v_pattern_3, grunt_vaults_diagonal, nicolae_vaults_ninety_degrees,
          nicolae_vaults_little_squares_6, vaults_room_pools, st_more_cells,
          layout_vaults_maze_bifur, mu_enter_wizlab_3, serial_shops,
          bzr_entry_customers
Vaults:3: nicolae_vaults_network_s, ontoclasm_vaults_ring_large,
          nicolae_vaults_network_barrier, v_pattern_4,
          nicolae_vaults_circle_grid_b, nicolae_vaults_network_quincunx
          [nicolae_vaults_network_quincunx_subvault,
          nicolae_vaults_network_quincunx_subvault,
          nicolae_vaults_network_quincunx_subvault,
          nicolae_vaults_network_quincunx_subvault,
          nicolae_vaults_network_quincunx_subvault], vaults_dpeg_doors,
          vaults_mumra_minichess_inversion, hangedman_vaults_stitches,
          ontoclasm_vaults_decontamination, ontoclasm_vaults_ring_large,
          ontoclasm_vaults_shuriken, st_smaller_cells, layout_vaults_omnibox,
          serial_shops, shop_coins, shop, shop, uniq_asterion
Vaults:4: ebering_vaults_ghost_inner_flame, vaults_mumra_minichess,
          nicolae_vaults_angled_halls, hangedman_vaults_trim,
          nicolae_vaults_quartermaster, nicolae_vaults_rhombus_7,
          vaults_mumra_chevron, nicolae_vaults_little_squares_3,
          vaults_dpeg_encased_lava, layout_vaults_omnigrid, serial_shops,
          nicolae_shop_window_shopping
Vaults:5: serial_shops
Crypt:1:  layout_regular_city
Crypt:2:  layout_gridlike, grunt_megastairs_3
Crypt:3:  quadcrypt_mu, uniq_sojobo, uniq_jory, uniq_frederick
Tomb:1
Tomb:2
Tomb:3
Depths:1: layout_gridlike, enter_ziggurat_a, minmay_misc_feat_secret_circle,
          abyss_entry, hell_entry, minmay_shop_star, uniq_mara
Zig:21

Skill      XL: |  1  2  3  4  5  6  7  8  9 10 11 12 13 14 15 16 17 18 19 20 21 22 23 24 25 26 27 |
---------------+----------------------------------------------------------------------------------+-----
Spellcasting   | 2 5 9 11 12 13 15 16 17 18 19 22 | 22.2
Earth Magic    | 5 6 7 8 9 10 11 16 19 21 22 23 24 25 27 | 27.0
Shields        | 3 5 8 |  8.5
Armour         | 2 7 8 14 16 | 16.0
Dodging        | 3 7 9 10 13 14 15 17 25 | 25.1
Translocations | 4 5 |  5.3
Fighting       | 2 4 10 13 16 18 | 18.1
Evocations     | 3 20 | 20.2
Stealth        | 8 9 |  9.2
Necromancy     | 3 9 13 19 22 | 22.2
Conjurations   | 7 |  7.0
Staves         | 12 | 12.4
Transmutations | |  0.8

Action                   |  1- 3 |  4- 6 |  7- 9 | 10-12 | 13-15 | 16-18 | 19-21 | 22-24 | 25-27 || total
-------------------------+-------+-------+-------+-------+-------+-------+-------+-------+-------++-------
Melee: Club              |     2 |       |       |       |       |       |       |       |       ||     2
       Dagger            |     3 |     3 |       |       |       |       |       |       |       ||     6
       Short sword       |       |       |     4 |       |       |       |       |       |       ||     4
       Staff             |       |       |       |    14 |   140 |    75 |    46 |   100 |    31 ||   406
 Cast: Sandblast         |    41 |    62 |   148 |   285 |   162 |   371 |   164 |    70 |    43 ||  1346
       Passwall          |     5 |     6 |    22 |    35 |    52 |    45 |    28 |       |     1 ||   194
       Lee's Rapid Decon |       |       |     1 |    39 |    42 |    38 |    30 |    24 |    25 ||   199
       Stone Arrow       |       |       |       |    40 |   496 |   159 |   222 |    10 |     4 ||   931
       Apportation       |       |       |       |     1 |   106 |    56 |   109 |    49 |   102 ||   423
       Petrify           |       |       |       |       |     9 |    12 |     2 |       |       ||    23
       Borgnjor's Vile C |       |       |       |       |   101 |   176 |   117 |   128 |    69 ||   591
       Animate Skeleton  |       |       |       |       |     1 |       |       |       |       ||     1
       Gell's Gravitas   |       |       |       |       |       |    14 |     1 |       |     1 ||    16
       Iron Shot         |       |       |       |       |       |     5 |   116 |    53 |    94 ||   268
       Shatter           |       |       |       |       |       |       |    25 |    57 |   110 ||   192
       Sublimation of Bl |       |       |       |       |       |       |       |     6 |    76 ||    82
       Statue Form       |       |       |       |       |       |       |       |     1 |     8 ||     9
       Dispel Undead     |       |       |       |       |       |       |       |       |     7 ||     7
       Passage of Golubr |       |       |       |       |       |       |       |       |    18 ||    18
 Abil: Evoke Flight      |       |       |       |       |       |       |       |     1 |       ||     1
       End Transformatio |       |       |       |       |       |       |       |       |     4 ||     4
Evoke: Wand              |       |       |     2 |       |    11 |    18 |     8 |       |     4 ||    43
       Tin of tremorston |       |       |       |       |       |     5 |     7 |       |    12 ||    24
       Lightning rod     |       |       |       |       |       |       |    11 |     4 |    13 ||    28
       Condenser vane    |       |       |       |       |       |       |     2 |       |     6 ||     8
       Phial of floods   |       |       |       |       |       |       |     3 |     1 |     6 ||    10
       Phantom mirror    |       |       |       |       |       |       |     1 |       |       ||     1
       Box of beasts     |       |       |       |       |       |       |     1 |       |       ||     1
  Use: Scroll            |     2 |     9 |       |     7 |    26 |    16 |    20 |     6 |    31 ||   117
       Potion            |       |       |     2 |       |     4 |     4 |     6 |       |    18 ||    34
 Stab: Sleeping          |     3 |     1 |     3 |       |     1 |     2 |       |     2 |     1 ||    13
       Petrifying        |       |       |       |     1 |       |       |       |       |       ||     1
       Petrified         |       |       |       |       |     3 |     2 |       |       |       ||     5
       Paralysed         |       |       |       |       |     3 |       |     2 |       |       ||     5
       Distracted        |       |       |       |       |       |       |       |     1 |       ||     1
Armor: Robe              |     3 |       |       |       |       |       |       |       |       ||     3
       Leather armour    |       |     5 |     8 |       |       |       |       |       |       ||    13
       Ring mail         |       |       |     7 |    57 |   228 |   152 |   151 |    94 |   106 ||   795
       Gold dragon scale |       |       |       |       |       |   112 |       |       |       ||   112
       Skin              |       |       |       |       |       |       |       |    21 |   274 ||   295
Dodge: Dodged            |     8 |    12 |    26 |   149 |   494 |   424 |   343 |   358 |   548 ||  2362
       Repelled          |       |       |       |     1 |    10 |    36 |    24 |    12 |    15 ||    98
Block: Buckler           |       |       |     9 |    40 |   176 |   132 |    94 |   127 |   157 ||   735

Table legend: (Time is in decaauts)
 A = Elapsed time spent in this place.
 B = Non-inter-level travel time spent in this place.
 C = Inter-level travel time spent in this place.
 D = Time resting spent in this place.
 E = Time spent auto-exploring this place.
 F = Levels seen in this place.
 G = Mean time per level.
                   A        B        C        D        E       F      G
               +--------+--------+--------+--------+--------+-----+--------+
         Total |  30532 |  29856 |    676 |      0 |      0 |  82 |  372.3 |
       Dungeon |   7828 |   7566 |    262 |      0 |      0 |  15 |  521.9 |
        Temple |     14 |     14 |      0 |      0 |      0 |   1 |   14.0 |
          Lair |   3218 |   3050 |    168 |      0 |      0 |   6 |  536.3 |
        Shoals |   1349 |   1349 |      0 |      0 |      0 |   4 |  337.2 |
     Snake Pit |   2572 |   2572 |      0 |      0 |      0 |   4 |  643.0 |
    Slime Pits |   2846 |   2846 |      0 |      0 |      0 |   5 |  569.2 |
  Orcish Mines |   1578 |   1517 |     61 |      0 |      0 |   2 |  789.0 |
   Elven Halls |   1774 |   1770 |      4 |      0 |      0 |   3 |  591.3 |
        Vaults |   3096 |   3012 |     84 |      0 |      0 |   5 |  619.2 |
         Crypt |   1659 |   1563 |     96 |      0 |      0 |   3 |  553.0 |
          Tomb |   1566 |   1566 |      0 |      0 |      0 |   3 |  522.0 |
        Depths |    220 |    220 |      0 |      0 |      0 |   1 |  220.0 |
         Abyss |    793 |    793 |      0 |      0 |      0 |   5 |  158.6 |
      Ziggurat |    864 |    864 |      0 |      0 |      0 |  21 |   41.1 |
        Bazaar |     49 |     49 |      0 |      0 |      0 |   1 |   49.0 |
      Ice Cave |    190 |    190 |      0 |      0 |      0 |   1 |  190.0 |
        Wizlab |    613 |    613 |      0 |      0 |      0 |   1 |  613.0 |
      Gauntlet |    296 |    296 |      0 |      0 |      0 |   1 |  296.0 |
               +--------+--------+--------+--------+--------+-----+--------+

Top non-repeatable levels by time:
  Lair:6: 1180 daAuts
Vaults:4: 1027 daAuts
 Crypt:3: 961 daAuts
 Snake:4: 912 daAuts
 Slime:5: 887 daAuts
  Tomb:1: 878 daAuts
   Orc:1: 853 daAuts
Vaults:3: 810 daAuts
    D:15: 794 daAuts
   Orc:2: 725 daAuts
   Elf:3: 697 daAuts
     D:2: 650 daAuts
 Snake:1: 648 daAuts
 Snake:3: 647 daAuts
    D:11: 645 daAuts

Table legend:
 A = Kills in this place as a percentage of kills in entire the game.
 B = Kills by you in this place as a percentage of kills by you in the entire game.
 C = Kills by friends in this place as a percentage of kills by friends in the entire game.
 D = Other kills in this place as a percentage of other kills in the entire game.
 E = Experience gained in this place as a percentage of experience gained in the entire game.
 F = Experience gained in this place divided by the number of levels of this place that you have seen.
                   A       B       C       D       E      F
               +-------+-------+-------+-------+-------+----------------------
         Total | 100.0 | 100.0 | 100.0 | 100.0 | 100.0 | 25588.0
       Dungeon |  15.6 |  15.7 |   0.0 |   0.0 |   2.9 | 4008.9
          Lair |   6.1 |   6.0 |  33.3 |   0.0 |   2.4 | 8224.7
        Shoals |   3.9 |   3.9 |   0.0 |   0.0 |   2.9 | 15428.2
     Snake Pit |   7.1 |   7.1 |   0.0 |  20.0 |   5.7 | 29783.0
    Slime Pits |   6.3 |   6.3 |  66.7 |   0.0 |   6.8 | 28332.6
  Orcish Mines |   5.0 |   5.0 |   0.0 |   0.0 |   1.2 | 12074.5
   Elven Halls |   5.0 |   5.0 |   0.0 |   0.0 |   5.6 | 39015.7
        Vaults |  13.4 |  13.4 |   0.0 |  20.0 |  15.5 | 64894.0
         Crypt |   5.5 |   5.5 |   0.0 |  20.0 |   6.6 | 46002.3
          Tomb |   9.4 |   9.4 |   0.0 |   0.0 |  16.4 | 114577.7
        Depths |   1.0 |   1.0 |   0.0 |   0.0 |   1.3 | 27811.0
         Abyss |   2.6 |   2.6 |   0.0 |   0.0 |   2.0 | 8243.2
      Ziggurat |  16.0 |  16.0 |   0.0 |  40.0 |  29.1 | 29067.6
      Ice Cave |   0.4 |   0.4 |   0.0 |   0.0 |   0.1 | 2832.0
        Wizlab |   2.4 |   2.5 |   0.0 |   0.0 |   1.5 | 32454.0
      Gauntlet |   0.3 |   0.3 |   0.0 |   0.0 |   0.2 | 4087.0
               +-------+-------+-------+-------+-------+----------------------
